Cogmind - Beta 11.1 @@@ ROGUE MODE // 2022.05.25 @ 14:18:34 Player: Terminus Result: Destroyed by MAIN.C with Omega Cannon Performance ------------- Evolutions (9) 4500 Regions Visited (33) 6600 Robots Destroyed (776) 3880 Value Destroyed (41679) 41679 Prototype IDs (85) 1700 Alien Tech Used (9) 1800 Bonus (46452) 46452 TOTAL SCORE: 106611 Bonus ------- Triggered High Security 500 Triggered Max Security 2000 High Alert Combat Kills 18977 Follower Combat Kills 5311 Network Hubs Disabled 200 Met Data Miner 300 Met Imprinter 300 Met Warlord at Base 500 MAIN.C Attacked Warlord 500 Warlord Defense Kills 3070 Met R17 at Cetus 500 Used Core Reset Matrix 3000 Scanned by Researcher 500 Met Sigix 2000 Activated Exoskeleton 3000 Destroyed MAIN.C Guards 500 Met MAIN.C 5000 Destroyed MAIN.C Shell 5000 Friendly Fire -4706 Cogmind --------- Core Integrity 0/1600 Matter 290/300 Energy 923/950 System Corruption 0% Temperature Cool (0) Movement Core (250) Ox4 Location -1/Command Parts ------- > --- POWER (4) -------- (None) > --- PROPULSION (4) --- Enhanced Armored Heavy Treads > --- UTILITY (14) ----- Experimental Energy Well Experimental Targeting Computer Experimental Core Analyzer > --- WEAPON (3) ------- Cooled Nova Cannon > --- INVENTORY (5) ---- Experimental Energy Well (600) Core Stripper Peak State ------------ > --- POWER ------------ Vortex Chain Reactor Vortex Chain Reactor > --- PROPULSION ------- High-density Centrium Heavy Treads High-density Centrium Heavy Treads > --- UTILITY ---------- Coolant Network Huge Storage Unit Experimental Energy Well Experimental Targeting Computer Experimental Targeting Computer Experimental Core Analyzer Advanced Weapon Cycler SHELL Armor Experimental EM Disruption Field Experimental Force Field Deep Network Scanner > --- WEAPON ----------- Sigix Sheargun Sigix Shearcannon > --- INVENTORY -------- Quantum Reactor Quantum Reactor Improved Quantum Reactor Improved Quantum Reactor High-density Centrium Heavy Treads Coolant Network Experimental Energy Well Long-range Sensor Array Experimental Targeting Computer Experimental Core Analyzer Experimental Transmission Jammer Advanced Thermal Defense Suite Transdimensional Reconstructor High-powered Transdimensional Reconstructor Subatomic Replicator Sigix Sheargun Improved Potential Cannon Plasma Cutter Core Stripper [Rating: 259] Favorites ----------- Power Heavy Deuterium Engine Engine Heavy Deuterium Engine Power Core Reinforced Fission Core Reactor Vortex Chain Reactor Propulsion Light Treads Treads Light Treads Leg Carbon-fiber Leg Wheel Compact Wheel Utility High-capacity Storage Unit Device Advanced Heat Sink Storage High-capacity Storage Unit Processor Core Analyzer Hackware System Mapper Protection SHELL Armor Weapon Ion Cannon Energy Gun Plasma Rifle Energy Cannon Ion Cannon Ballistic Gun Gauss Rifle Launcher Precision Rocket Launcher Special Weapon Plasma Cutter Impact Weapon Core Stripper Slashing Weapon Scythe Build | -11 -10 -10 -9 -9 -8 -8 -7 -7 -7 -7 -6 -6 -6 -6 -6 -5 -5 -5 -5 -5 -5 -4 -4 -4 -4 -3 -3 -3 -2 -2 -2 -1 -1 ------- Run | Scr Mat Min Mat Min Mat Sto Fac Low Low Dat Pro Fac Low Low Zio Pro Fac Ext Cet Arc Hub Fac Upp Upp War Pro Res Tes Res Qua Sec Acc Com Slots Evolved 18 | . . . 2 . 2 . 2 . . . . 2 . . . . 2 . . . . 2 . . . . 2 . 2 . . 2 . Power 3 | . . . . . . . . . . . . 1 . . . . . . . . . . . . . . 1 . . . . 1 . Propulsion 2 | . . . . . 1 . . . . . . 1 . . . . . . . . . . . . . . . . . . . . . Utility 12 | . . . 1 . 1 . 2 . . . . . . . . . 2 . . . . 2 . . . . 1 . 2 . . 1 . Weapon 1 | . . . 1 . . . . . . . . . . . . . . . . . . . . . . . . . . . . . . Parts Attached 573 | 6 8 4 29 7 8 14 12 1 7 12 22 49 7 14 5 11 28 21 10 2 6 22 3 2 34 8 39 40 5 31 59 9 38 Power 56 | 1 1 . 4 . . . 1 . . 1 2 5 . 1 2 1 1 2 3 . 1 1 . 1 4 . 4 3 1 . 4 1 11 Engine 23 | 1 1 . 4 . . . 1 . . 1 2 5 . 1 1 1 1 2 1 . . . . 1 . . . . . . . . . Core 5 | . . . . . . . . . . . . . . . 1 . . . 1 . . . . . 3 . . . . . . . . Reactor 28 | . . . . . . . . . . . . . . . . . . . 1 . 1 1 . . 1 . 4 3 1 . 4 1 11 Propulsion 81 | 2 1 1 12 1 3 4 1 . 1 . 3 18 3 1 . 5 5 1 2 . 1 2 . . 1 1 4 . . 4 1 . 3 Treads 60 | 2 1 1 12 1 3 4 1 . 1 . 2 2 3 1 . 1 5 1 2 . 1 2 . . 1 1 4 . . 4 1 . 3 Leg 19 | . . . . . . . . . . . 1 14 . . . 4 . . . . . . . . . . . . . . . . . Wheel 2 | . . . . . . . . . . . . 2 . . . . . . . . . . . . . . . . . . . . . Hover . | . . . . . . . . . . . . . . . . . . . . . . . . . . . . . . . . . . Flight . | . . . . . . . . . . . . . . . . . . . . . . . . . . . . . . . . . . Utility 286 | 1 3 1 7 3 4 4 9 1 6 5 6 15 2 6 . 2 12 16 5 2 2 9 2 1 20 2 23 27 3 24 44 5 14 Device 193 | . 1 1 7 2 . 2 4 . 5 3 3 9 1 3 . 2 6 8 4 2 2 4 1 1 13 1 14 20 2 21 41 3 7 Storage 17 | 1 2 . . 1 1 . . . . . . . . . . . . . . . . 1 . . . . 1 3 . 3 1 2 1 Processor 13 | . . . . . . . 2 . 1 . . . . . . . 2 . . . . . . . 1 . 1 . 1 . 2 . 3 Hackware 5 | . . . . . . . 1 . . . . 1 . . . . . . . . . 2 . . . . . 1 . . . . . Protection 58 | . . . . . 3 2 2 1 . 2 3 5 1 3 . . 4 8 1 . . 2 1 . 6 1 7 3 . . . . 3 Artifact . | . . . . . . . . . . . . . . . . . . . . . . . . . . . . . . . . . . Weapon 150 | 2 3 2 6 3 1 6 1 . . 6 11 11 2 6 3 3 10 2 . . 2 10 1 . 9 5 8 10 1 3 10 3 10 Energy Gun 39 | 2 . . 1 . . . . . . . . 2 . . . 3 4 . . . 2 5 . . 8 . 4 2 . . 4 1 1 Energy Cannon 76 | . 3 1 5 2 1 5 1 . . 5 6 1 . 2 1 . 4 2 . . . 5 1 . . 3 3 7 1 2 4 2 9 Ballistic Gun 12 | . . . . . . . . . . . . 5 2 2 2 . . . . . . . . . . . . . . . 1 . . Ballistic Cannon . | . . . . . . . . . . . . . . . . . . . . . . . . . . . . . . . . . . Launcher 17 | . . 1 . . . 1 . . . . 5 2 . 2 . . 2 . . . . . . . 1 2 1 . . . . . . Special Weapon 3 | . . . . 1 . . . . . . . 1 . . . . . . . . . . . . . . . 1 . . . . . Impact Weapon 2 | . . . . . . . . . . . . . . . . . . . . . . . . . . . . . . 1 1 . . Slashing Weapon 1 | . . . . . . . . . . 1 . . . . . . . . . . . . . . . . . . . . . . . Piercing Weapon . | . . . . . . . . . . . . . . . . . . . . . . . . . . . . . . . . . . Special Melee Weapon . | . . . . . . . . . . . . . . . . . . . . . . . . . . . . . . . . . . Unidentified Prototypes 50 | . . . 2 1 . 1 1 . . 1 . 1 . . . . 1 . 2 . . 2 . . 4 . 1 11 . 6 6 . 10 Corrupted Parts 2 | . . . . . . . . . . 1 . . . . . . . . . . . . . . 1 . . . . . . . . System Corruption 18 | . . . . . . . . . . 6 . . . . . . . . . . . . . . 12 . . . . . . . . Parts Lost 94 | . . 2 4 . . . . . . 1 10 4 3 2 . 5 . 1 1 1 5 3 . 1 7 . 5 2 . . 4 3 30 Power 16 | . . . 1 . . . . . . . 1 . . 1 . 1 . . 1 . 1 . . 1 1 . . . . . 1 . 7 Propulsion 21 | . . 1 1 . . . . . . . 4 3 1 . . 3 . . . . 1 . . . 1 . 1 . . . 1 . 4 Utility 36 | . . 1 2 . . . . . . . 3 1 1 1 . 1 . . . 1 2 . . . 2 . 3 1 . . 1 2 14 Weapon 21 | . . . . . . . . . . 1 2 . 1 . . . . 1 . . 1 3 . . 3 . 1 1 . . 1 1 5 Highest Loss Streak 18 | . . 1 1 . . . . . . 1 9 2 3 2 . 5 . 1 1 1 4 3 . 1 3 . 2 1 . . 3 3 18 To Critical Strikes 1 | . . . . . . . . . . . . . . . . . . . . . . . . . . . . . . . 1 . . Average Slot Usage (%) 89 | . 97 99 99 100 100 99 99 100 100 94 87 88 98 96 98 97 99 100 94 94 93 89 89 89 86 83 81 74 73 72 71 71 66 Engine 6 | . 14 14 10 11 9 9 7 7 7 7 6 10 13 12 12 13 11 11 4 . . . . 3 3 . . . . . . . . Reactor 3 | . . . . . . . . . . . . . . . . . . . 4 5 5 7 10 6 3 . 5 9 8 8 7 12 11 Treads 15 | . 27 27 21 22 27 26 22 23 23 23 14 . 3 23 26 7 13 23 17 17 16 11 10 10 10 10 9 9 8 8 7 8 7 Leg 1 | . . . . . . . . . . . 2 17 21 . . 16 9 . . . . . . . . . . . . . . . . Device 15 | . 12 14 21 22 18 17 22 22 22 20 16 14 12 13 13 18 15 16 16 17 16 21 21 21 16 9 10 8 13 12 12 14 13 Storage 6 | . 14 14 11 11 9 9 7 7 7 7 7 6 6 6 6 6 5 5 5 5 5 4 5 5 5 5 4 7 4 4 4 8 7 Processor 9 | . . . . . . . 15 15 15 15 15 13 11 6 6 6 14 14 11 11 11 10 10 10 12 15 14 9 13 13 12 12 15 Hackware 4 | . . . . . . . . . . . . . 6 6 6 6 5 5 5 5 5 9 10 10 10 10 9 8 8 8 8 5 2 Protection 3 | . . . . . 9 8 . . . 2 3 3 1 5 6 1 2 2 5 5 5 4 5 5 4 5 4 3 4 4 4 4 3 Energy Gun 3 | . 4 . 4 . . . . . . . . 2 . . . 16 8 . . . 1 6 10 10 12 10 8 4 2 . 2 2 2 Energy Cannon 14 | . 23 28 28 31 27 26 22 23 23 14 19 5 6 5 5 1 8 17 17 17 15 8 4 5 2 4 4 8 10 12 8 5 3 Ballistic Gun 1 | . . . . . . . . . . . . 8 12 13 11 2 . . . . . . . . . . . . . . . . . Naked Turns . | . . . . . . . . . . . . . . . . . . . . . . . . . . . . . . . . . . Heaviest Build 237 | 14 52 52 61 61 72 77 72 78 75 82 83 86 87 87 92 88 96 99 109 108 107 110 100 101 119 114 143 159 182 223 222 237 230 Greatest Support 180 | 40 40 40 40 40 63 63 63 63 71 71 71 61 76 104 104 104 112 114 134 124 134 155 155 155 155 150 160 160 160 180 180 180 180 Greatest Overweight (x) 24 | 2 2 1 1 1 1 1 1 1 1 1 24 5 1 1 . 1 1 . . . . . . . 1 . . . 1 1 1 1 4 Average Overweight (x) . | . . 1 1 1 1 1 1 1 1 . 1 1 1 . . . . . . . . . . . . . . . . 1 1 1 . Largest Inventory Capacity 25 | 8 20 20 20 20 20 20 20 20 20 20 20 20 20 20 20 20 20 20 20 20 20 20 20 20 20 20 20 20 20 25 25 25 25 Average Capacity 20 | 7 19 20 20 20 20 20 20 20 20 20 20 20 20 20 20 20 20 20 20 20 20 19 20 20 20 20 20 20 20 24 25 25 23 Most Carried 25 | 2 14 16 20 20 20 20 20 20 20 20 20 20 20 20 20 20 20 20 20 20 20 20 20 20 20 20 20 20 20 25 25 23 25 Average Carried 19 | 1 9 15 19 20 19 19 18 20 19 19 18 18 19 19 19 18 19 19 19 19 19 17 20 19 19 17 19 19 18 22 24 20 20 Final Capacity 25 | 8 20 20 20 20 20 20 20 20 20 20 20 20 20 20 20 20 20 20 20 20 20 20 20 20 20 20 20 20 20 25 25 25 5 Final Carried 25 | 2 14 15 20 20 20 20 20 20 20 20 16 20 20 20 20 20 20 20 20 20 16 20 20 20 20 17 20 19 20 25 21 23 3 Class Distribution -------------------- 25% | Scavenger-Gunner 11% | Hacker-Gunner 10% | Mutant 8% | Scavenger-Skirmisher 8% | Skirmisher 8% | Scavenger-Mutant 8% | Hacker-Mutant 7% | Tank 4% | Generator-Mutant Dominant Class ---------------- Mutant | -10/Materials Mutant | -10/Mines Scavenger-Gunner | -9/Materials Scavenger-Gunner | -9/Mines Tank | -8/Materials Tank | -8/Storage Skirmisher | -7/Factory Skirmisher | -7/Lower Caves Skirmisher | -7/Lower Caves Mutant | -7/Data Miner Skirmisher | -6/Proximity Caves Scavenger-Skirmisher | -6/Factory Scavenger-Mutant | -6/Lower Caves Scavenger-Gunner | -6/Lower Caves Scavenger-Gunner | -6/Zion Scavenger-Gunner | -5/Proximity Caves Scavenger-Gunner | -5/Factory Hacker-Gunner | -5/Extension Commander-Skirmisher | -5/Cetus Scavenger-Gunner | -5/Archives Scavenger-Skirmisher | -5/Hub_04(d) Scavenger-Skirmisher | -4/Factory Scavenger-Skirmisher | -4/Upper Caves Scavenger-Mutant | -4/Upper Caves Scavenger-Gunner | -4/Warlord Scavenger-Gunner | -3/Proximity Caves Scavenger-Mutant | -3/Research Hacker-Mutant | -3/Testing Hacker-Gunner | -2/Research Hacker-Gunner | -2/Quarantine Hacker-Gunner | -2/Section 7 Generator-Mutant | -1/Access Generator-Mutant | -1/Command Resources | -11 -10 -10 -9 -9 -8 -8 -7 -7 -7 -7 -6 -6 -6 -6 -6 -5 -5 -5 -5 -5 -5 -4 -4 -4 -4 -3 -3 -3 -2 -2 -2 -1 -1 ----------- Run | Scr Mat Min Mat Min Mat Sto Fac Low Low Dat Pro Fac Low Low Zio Pro Fac Ext Cet Arc Hub Fac Upp Upp War Pro Res Tes Res Qua Sec Acc Com Matter Collected 9797 | 206 111 70 290 330 440 685 47 84 214 327 499 1089 277 416 96 163 365 211 140 25 65 273 61 83 488 195 408 539 50 355 847 103 245 Remotely . | . . . . . . . . . . . . . . . . . . . . . . . . . . . . . . . . . . Salvage Created 43647 | . 697 103 2177 244 722 1610 178 210 44 210 934 1852 157 387 . 529 1491 1480 370 397 853 1487 114 329 994 215 2281 1565 131 1821 7719 8540 3806 Parts 1713 | . 37 8 138 12 36 81 7 2 . 7 47 75 4 11 . 15 47 62 16 13 28 47 3 8 22 4 118 82 2 73 289 308 111 Haulers Intercepted 41 | . 2 . 6 . 4 5 1 . . . . 3 . . . . 4 . . . 1 2 . . . . 3 1 . 1 4 4 . Recyclers Shooed 16 | . 1 . 1 . 2 1 . . . . . 2 . . . . 3 1 . . . 1 . . . . 2 . . . . 2 . Parts Field Recycled . | . . . . . . . . . . . . . . . . . . . . . . . . . . . . . . . . . . Retrieved Matter . | . . . . . . . . . . . . . . . . . . . . . . . . . . . . . . . . . . Parts Self-Destructed 90 | . . . . . . . . 6 1 . 34 . 8 12 . 16 . . . . . . 3 7 . 3 . . . . . . . Prevented 6 | . . . . . . . . . 1 . 4 . . . . 1 . . . . . . . . . . . . . . . . . Kills | -11 -10 -10 -9 -9 -8 -8 -7 -7 -7 -7 -6 -6 -6 -6 -6 -5 -5 -5 -5 -5 -5 -4 -4 -4 -4 -3 -3 -3 -2 -2 -2 -1 -1 ------- Run | Scr Mat Min Mat Min Mat Sto Fac Low Low Dat Pro Fac Low Low Zio Pro Fac Ext Cet Arc Hub Fac Upp Upp War Pro Res Tes Res Qua Sec Acc Com Combat Hostiles Destroyed 611 | . 11 10 33 3 8 18 2 4 1 2 32 20 3 9 . 4 12 18 4 4 7 17 2 5 20 6 26 27 3 24 108 124 44 Guns 67 | . 1 . 4 . . . . . . . . 11 2 1 . 1 2 . . . 2 5 1 2 11 1 5 2 . . 8 7 1 Cannons 355 | . 8 8 27 3 8 17 2 3 1 1 12 3 1 4 . . 5 15 2 3 2 10 1 3 . 1 11 23 3 22 93 46 17 AOE 142 | . 1 2 . . . . . . . . 20 6 . 4 . . 5 . . . 1 . . . 8 4 4 . . . 1 62 24 Classes Destroyed 28 | . 5 2 4 1 1 . 1 . . . 1 1 . 2 . 1 . . . . 1 . . . 2 . . 1 . 1 4 . . Worker 38 | . . . 6 . 1 . . . . . . 6 . . . . . . . . 4 1 . . . . 2 2 . 3 3 10 . Builder 30 | . 1 . 1 . 2 2 . . . . . 1 . . . . . 2 . . 1 2 . . . . 2 3 . 1 3 9 . Tunneler 4 | . . . . . . . . . . . . 1 . . . . . . . . . . . . . . 1 . . . . 2 . Hauler 41 | . 2 . 6 . 4 5 1 . . . . 3 . . . . 4 . . . 1 2 . . . . 3 1 . 1 4 4 . Recycler 26 | . . . 3 . . 3 . . . . . 3 . . . . 4 2 . . 2 3 . . . . 1 2 . . 1 2 . Carrier 7 | . . . . . . . . . . . . . . . . . . . . . . . . . . . . . . . 5 . 2 Minesweeper 1 | . . . . . . . . . . . . . . 1 . . . . . . . . . . . . . . . . . . . Mechanic 12 | . . . . . . . . . . . . . . . . . . . . . . . . . . . . . . . 2 8 2 Operator 8 | . 2 . 1 . . 1 . . . . . . . . . . . 1 . . 1 . . . . . . . . . 2 . . Watcher 37 | . 3 . 5 . 1 2 1 . . . . 1 . . . . 4 2 1 . . 2 . . . . 4 2 . 2 4 3 . Swarmer 51 | . . 6 4 . . . . 1 . . 16 3 1 3 . 1 . 3 . . . . . . . 4 4 . . . . 5 . Saboteur 14 | . . . . . . . . . . . . . . . . . . . . . . . . . . . . . . . 7 6 1 Grunt 219 | . 11 . 18 2 2 8 . 1 1 . 6 11 1 5 . . 7 5 . . 3 8 . 2 13 1 4 5 . 9 30 48 18 Brawler 31 | . . . . 1 . 1 . . . . 2 2 . . . . 1 1 . . . . . . . . . 1 . . 9 10 3 Duelist 31 | . . . 1 . . . . 1 . . 5 . . 1 . . . . . . . . . 1 . . . . . . 9 8 5 Protector 13 | . . . . . . . . . . . 1 . . . . . . . . . . . . . . . . . . 1 2 7 2 Researcher 4 | . . . . . . . . . . . . . . . . . . . . . . . . . . . . 1 . 1 2 . . Sentry 46 | . . . 10 . 4 9 1 1 . . 2 1 1 . . . 1 3 . 4 1 . . . . 1 3 . 1 . 3 . . Specialist 1 | . . . . . . . . . . . . . . . . . . . . . . . . . 1 . . . . . . . . Hunter 50 | . . . . . 2 . . . . . . . . . . 2 1 4 . . 2 3 2 2 . . 7 4 2 . 7 12 . Programmer 93 | . . . . . . . 1 . . . . 3 . . . . 2 . . . . 6 . . 3 . 8 17 . 10 30 11 2 Heavy 3 | . . . . . . . . . . . . . . . . . . . . . 1 . . . . . . . . . 1 1 . Behemoth 7 | . . . . . . . . . . . . . . . . 1 . 2 . . . . . . 1 . . . . . 1 1 1 Cetus Guard 4 | . . . . . . . . . . . . . . . . . . . 4 . . . . . . . . . . . . . . S7 Guard 1 | . . . . . . . . . . . . . . . . . . . . . . . . . . . . . . . 1 . . M Guard 2 | . . . . . . . . . . . . . . . . . . . . . . . . . . . . . . . . . 2 M Shell/Atk 1 | . . . . . . . . . . . . . . . . . . . . . . . . . . . . . . . . . 1 M Shell/Def 3 | . . . . . . . . . . . . . . . . . . . . . . . . . . . . . . . . . 3 Enhanced Grunt 2 | . . . . . . . . . . 2 . . . . . . . . . . . . . . . . . . . . . . . Lightning 3 | . . . . . . . . . . . . . . . . . . . . . . . . . . . . . . 3 . . . Combat Programmer 2 | . . . . . . . . . . . . . . . . . . . . . . . . . . . . . . . . . 2 Investigator 4 | . . . . . . . . . . . . . . . . . . . . . . . . . . . . . . . . 3 1 Striker 17 | . . . . . . . . . . . . . . . . . . . . . . . . . 3 . . . . . 3 8 3 Executioner 12 | . . . . . . . . . . . . . . . . . . . . . . . . . . . . . . . 5 7 . Fortress 1 | . . . . . . . . . . . . . . . . . . . . . . . . . . . . . . 1 . . . Samaritan 1 | . . . . . . . . . . . . . . 1 . . . . . . . . . . . . . . . . . . . Assembled 4 | . . 4 . . . . . . . . . . . . . . . . . . . . . . . . . . . . . . . Savage 1 | . . . . . . . . . . . . . . . . . . . 1 . . . . . . . . . . . . . . Best Kill Streak 40 | . 3 4 6 3 3 6 2 4 1 1 7 5 2 6 . 3 7 4 5 2 14 6 2 3 13 3 6 11 2 6 19 40 20 Combat Bots Only 26 | . 2 4 5 3 2 4 1 4 1 1 7 5 2 6 . 3 4 3 4 2 6 4 2 3 13 3 4 7 2 6 19 26 17 Max Kills in Single Turn 7 | . 1 2 2 1 2 2 1 1 1 1 4 3 1 2 . 1 2 2 1 1 7 2 1 1 2 1 6 2 1 2 4 5 5 Gunslinging 1 | . . . . . . . . . . . . 1 . . . . . . . . . . . . 1 . . . . . . . . Exploded 4 | . 1 2 . . . . . . . . 4 3 . 2 . . 2 . . . 1 . . . 2 1 4 . . . 1 3 4 Melee . | . . . . . . . . . . . . . . . . . . . . . . . . . . . . . . . . . . Uniques/NPCs Destroyed 4 | . . . . 1 . . . . . 1 . . . . . . . . 1 . . . . . . . . . . . . . 1 YI-UF0 (-9/Mines) Data Miner (-7/Data Miner) Revision 17 (-5/Cetus) MAIN.C Shell (-1/Command) Combat | -11 -10 -10 -9 -9 -8 -8 -7 -7 -7 -7 -6 -6 -6 -6 -6 -5 -5 -5 -5 -5 -5 -4 -4 -4 -4 -3 -3 -3 -2 -2 -2 -1 -1 -------- Run | Scr Mat Min Mat Min Mat Sto Fac Low Low Dat Pro Fac Low Low Zio Pro Fac Ext Cet Arc Hub Fac Upp Upp War Pro Res Tes Res Qua Sec Acc Com Damage Taken 39912 | . 327 267 747 87 294 627 199 257 50 277 1906 998 505 462 . 742 391 764 982 343 1078 1561 421 851 3328 379 2385 797 154 872 5024 3009 9828 Core 3780 | . 54 67 112 22 23 31 16 58 . . 280 54 49 . . 29 . 46 54 . 19 88 . 85 373 62 148 18 . 45 409 220 1418 Absorbed by Shields 11283 | . . . . . . . . . . . . . . . . . . 81 . . . . . . 52 . 46 764 43 797 4059 3068 2373 Reduced by Siege Mode 1641 | . . . . . . . . . . . . . . . . . . . 44 7 . 103 37 26 123 4 159 116 . 64 195 138 625 Regen/Repaired (Parts) 7348 | . . . 88 . . 135 270 . . . . 335 . . . . 34 . . . . 1173 . . . . 133 118 39 601 2368 1315 739 Core Remaining (%) 73 | 100 . 51 . 66 . 90 . . . . 49 . . . . 84 . . . . 88 . . . . 47 . 87 . . 68 . . Volleys Fired 1580 | . 41 19 87 29 28 49 10 12 3 15 53 70 20 26 . 16 50 58 17 11 29 51 12 40 35 24 111 163 8 70 198 146 79 Largest 3 | . 2 2 3 3 3 3 3 3 3 3 3 3 3 3 . 3 3 3 3 3 3 3 3 3 3 3 3 3 3 3 3 2 2 Hottest 363 | . 120 120 184 196 211 211 180 180 180 195 225 141 141 143 . 213 298 268 268 268 285 315 255 255 238 260 270 344 363 363 363 280 280 Shots Fired 3354 | . 82 37 260 51 84 146 30 40 11 37 111 187 38 71 . 48 129 168 51 33 59 144 27 67 94 28 202 207 20 157 461 167 107 Gun 892 | . 6 . 40 . . . . . . . . 161 18 45 . 46 54 . . . 14 72 15 28 90 7 96 33 3 . 81 50 33 Cannon 2364 | . 76 36 220 33 84 145 30 40 11 37 95 23 20 22 . 2 69 168 51 33 45 72 12 39 . 17 105 134 17 157 380 117 74 Launcher 40 | . . 1 . . . 1 . . . . 16 3 . 4 . . 6 . . . . . . . 4 4 1 . . . . . . Special 58 | . . . . 18 . . . . . . . . . . . . . . . . . . . . . . . 40 . . . . . Kinetic 190 | . . . . . . . . . . . . 123 18 45 . 4 . . . . . . . . . . . . . . . . . Thermal 2854 | . 76 36 260 51 84 145 30 40 11 37 95 61 20 22 . 44 123 168 51 33 59 144 27 67 90 24 201 207 20 157 333 96 42 Explosive 40 | . . 1 . . . 1 . . . . 16 3 . 4 . . 6 . . . . . . . 4 4 1 . . . . . . Electromagnetic 6 | . 6 . . . . . . . . . . . . . . . . . . . . . . . . . . . . . . . . Slashing 264 | . . . . . . . . . . . . . . . . . . . . . . . . . . . . . . . 128 71 65 Robot Hit Streak 61 | . 6 5 11 11 31 13 13 14 10 20 16 30 12 9 . 22 20 13 19 7 11 29 14 16 18 6 19 28 8 19 45 31 61 Robot Miss Streak 6 | . 5 5 4 3 3 2 3 2 1 1 4 4 2 2 . 2 3 3 2 2 1 3 1 6 2 . 3 3 2 3 4 2 2 Penetration Max 1 | . . . . . . . . . . . . 1 1 . . . . . . . . . . . . . . . . . 1 1 1 Secondary Targets 7 | . 1 . . . . . . . . . . 2 . . . . . . . . . . . . 4 . . . . . . . . Max Gunslinging Chain 1 | . 1 . . . . . . . . . . 1 . . . . . . . . . . . . 1 . . . . . . . . Shots Hit Robots 2204 | . 50 15 154 24 59 82 21 28 6 31 73 123 21 40 . 39 83 117 35 24 25 113 17 30 74 6 127 119 12 101 324 134 97 Core Hits 1479 | . 23 13 65 11 20 38 5 6 1 13 49 65 6 21 . 9 50 45 14 11 22 67 6 14 53 12 67 48 4 42 330 211 138 Critical Kills 35 | . 1 . . . . 2 . . . . . 3 . . . . . 3 2 . 1 . . . . . 3 3 . 2 7 6 2 Critical Parts Destroyed 4 | . . . . . . . . . . . . . 1 3 . . . . . . . . . . . . . . . . . . . Critical Strikes 109 | . 1 . 2 1 . 2 . . . . . 8 1 3 . 4 2 3 2 . 1 2 1 1 13 3 10 4 . 2 26 8 9 Burn 40 | . . . 2 . . . . . . . . 5 . . . 4 2 . . . . 2 1 1 13 3 7 . . . . . . Meltdown 33 | . 1 . . . . 2 . . . . . 1 . . . . . 3 2 . 1 . . . . . 3 3 . 2 7 6 2 Destroy 6 | . . . . . . . . . . . . 2 1 3 . . . . . . . . . . . . . . . . . . . Sever 30 | . . . . 1 . . . . . . . . . . . . . . . . . . . . . . . 1 . . 19 2 7 Melee Attacks 11 | . . . . . . . . . . 2 . . . . . . . . . . . . . . . . . . . 2 7 . . Kinetic 9 | . . . . . . . . . . . . . . . . . . . . . . . . . . . . . . 2 7 . . Impact . | . . . . . . . . . . . . . . . . . . . . . . . . . . . . . . . . . . Slashing 2 | . . . . . . . . . . 2 . . . . . . . . . . . . . . . . . . . . . . . Piercing . | . . . . . . . . . . . . . . . . . . . . . . . . . . . . . . . . . . Sneak Attacks 2 | . . . . . . . . . . 1 . . . . . . . . . . . . . . . . . . . . 1 . . Combat Hostiles 1 | . . . . . . . . . . . . . . . . . . . . . . . . . . . . . . . 1 . . Follow-up Attacks . | . . . . . . . . . . . . . . . . . . . . . . . . . . . . . . . . . . Damage Inflicted 136914 | . 969 369 2996 377 1421 2184 538 645 135 536 4253 3648 545 1521 . 838 3296 4179 1286 777 2042 3545 439 791 3045 616 5097 7311 716 6167 26477 34762 15393 Guns 17513 | . 82 . 537 . . . . . . . . 2472 272 474 . 807 837 . . . 391 1867 262 464 1835 87 1630 621 55 . 2429 1420 971 Cannons 81045 | . 835 268 2384 187 1355 2048 531 645 133 473 1896 538 273 491 . 31 1436 4097 1286 777 515 1625 177 327 . 82 2729 6275 661 6114 23240 12812 6804 Explosions 36562 | . 42 88 . . . 108 . . . . 2357 638 . 546 . . 1000 . . . 1096 . . . 1210 447 592 . . . 321 20502 7615 Melee 488 | . . . . . . . . . . 63 . . . . . . . . . . . . . . . . . . . 43 382 . . Ramming 761 | . 10 13 75 15 66 28 7 . 2 . . . . 10 . . 23 82 . . 40 53 . . . . 146 45 . 10 105 28 3 Kinetic 3016 | . . . . . . . . . . . . 1773 272 474 . 72 . . . . . . . . . . . . . 43 382 . . Thermal 107320 | . 877 268 2921 362 1355 2048 531 645 133 473 2029 1237 273 491 . 766 2273 4097 1286 777 906 3492 439 791 1835 169 4359 7266 716 6114 15477 31267 11647 Explosive 6749 | . . 88 . . . 108 . . . . 2120 638 . 546 . . 1000 . . . . . . . 1210 447 592 . . . . . . Electromagnetic 1282 | . 82 . . . . . . . . . 104 . . . . . . . . . 1096 . . . . . . . . . . . . Impact . | . . . . . . . . . . . . . . . . . . . . . . . . . . . . . . . . . . Slashing 17606 | . . . . . . . . . . 63 . . . . . . . . . . . . . . . . . . . . 10333 3467 3743 Piercing . | . . . . . . . . . . . . . . . . . . . . . . . . . . . . . . . . . . Entropic 180 | . . . . . . . . . . . . . . . . . . . . . . . . . . . . . . . 180 . . Highest Corruption 20 | . 1 1 . . . . 3 3 3 9 14 3 3 3 3 . . 2 2 2 15 12 12 12 19 20 6 14 . 8 8 . . Average Corruption 6 | . 1 1 . . . . 1 3 3 4 11 2 3 3 3 . . 2 2 2 8 10 12 12 9 20 3 9 . 6 8 . . Corruption Purged . | . . . . . . . . . . . . . . . . . . . . . . . . . . . . . . . . . . Corruption Blocked 12 | . . . . . . . . . . . . . . . . . . . . . . . . . 2 . . . 10 . . . . Effects 611 | . 6 7 . . . . 4 16 18 8 66 20 10 17 . . . 18 7 2 17 15 29 32 17 29 15 66 . 35 157 . . Message Errors 152 | . 1 2 . . . . 1 4 2 2 17 9 2 4 . . . 9 . . 2 3 5 6 3 6 2 21 . 13 38 . . Matter Fused 155 | . . 2 . . . . . 3 4 4 18 4 4 8 . . . 5 2 1 8 2 7 15 7 9 3 16 . 5 28 . . Heat Flow Errors 77 | . 3 1 . . . . 1 2 2 . 3 . 1 1 . . . . 4 . 3 3 2 5 2 1 2 8 . 5 28 . . Energy Discharges 69 | . 1 . . . . . 2 . 5 1 9 . 1 2 . . . . . 1 1 . 9 3 1 4 4 4 . 2 19 . . Parts Rejected 3 | . . . . . . . . . . . 1 . . . . . . . . . . 1 . . 1 . . . . . . . . Data Loss (minor) 49 | . . 1 . . . . . 1 1 1 4 6 1 1 . . . . . . . 1 1 2 1 1 3 6 . 5 13 . . Data Loss (major) 30 | . 1 1 . . . . . . 2 . 3 . . . . . . . . . 1 1 2 . 1 2 . 4 . 4 8 . . Misfires 34 | . . . . . . . . 4 2 . 4 1 . 1 . . . 1 . . . 1 1 . 1 2 . 2 . 1 13 . . Alerts 14 | . . . . . . . . 2 . . 1 . 1 . . . . . 1 . . . 2 . . . 1 3 . . 3 . . Weapon Failures 28 | . . . . . . . . . . . 6 . . . . . . 3 . . 2 3 . 1 . 4 . 2 . . 7 . . Overload Shots 3 | . . . . . . . . . . . . . . . . . . . . . . . . . . . . . . . . . 3 Overflow Damage 9047 | . 21 . 23 5 10 33 26 1 13 . 204 31 20 50 . . 37 159 . . 125 45 . 11 44 . 179 1151 . 712 1457 4079 611 Projectiles 6143 | . 21 . 23 . 10 33 26 1 13 . 15 31 20 50 . . 27 150 . . 28 43 . 11 . . 52 1151 . 712 1293 2135 298 Explosions 2812 | . . . . . . . . . . . 189 . . . . . 10 . . . 77 . . . 44 . 84 . . . 151 1944 313 Melee 92 | . . . . 5 . . . . . . . . . . . . . 9 . . 20 2 . . . . 43 . . . 13 . . Knockbacks 10 | . . . . . 1 . 1 . . . . . . . . . . 2 . . . 3 . . . . 1 1 . . 1 . . Impact 10 | . . . . . 1 . 1 . . . . . . . . . . 2 . . . 3 . . . . 1 1 . . 1 . . Kinetic . | . . . . . . . . . . . . . . . . . . . . . . . . . . . . . . . . . . Secondary . | . . . . . . . . . . . . . . . . . . . . . . . . . . . . . . . . . . Self-Inflicted Damage 876 | . 51 . . . . 48 . . . . 91 . . . . . . . . . 98 . . . . . . . . . 238 260 90 Shots 13 | . 1 . . . . 1 . . . . 3 . . . . . . . . . 1 . . . . . . . . . 2 4 1 Rammed 70 | . 3 5 9 5 7 6 1 . 2 . . . . 2 . . 4 4 . . 1 3 . . . . 7 4 . . 3 3 1 Targets Rammed 74 | . 3 5 11 5 7 6 1 . 2 . . . . 2 . . 4 4 . . 1 4 . . . . 7 4 . 1 3 3 1 Kicked . | . . . . . . . . . . . . . . . . . . . . . . . . . . . . . . . . . . Crushed 4 | . . . 2 . . . . . . . . . . . . . . . . . . 1 . . . . . . . 1 . . . Highest Temperature 407 | . 297 201 207 200 202 259 179 221 218 . 135 152 170 187 . 102 259 313 218 38 155 295 60 243 203 170 188 198 99 191 326 104 407 Average Temperature 61 | . 69 59 52 57 73 61 60 38 85 . 49 42 47 36 . 38 70 83 49 12 41 101 30 73 27 116 42 27 32 77 50 52 131 Received Heat Transfer 4236 | . 177 20 285 12 99 297 30 63 27 . 345 279 174 135 . 12 108 114 81 36 144 138 . 87 286 36 181 12 9 61 326 150 512 Effects 8 | . 1 . . . . . . 1 . . . . . . . . . 3 . . . . . 1 . . . . . . . . 2 Shutdowns 1 | . . . . . . . . . . . . . . . . . . . . . . . . . . . . . . . . . 1 Energy Bleed 3 | . . . . . . . . 1 . . . . . . . . . . . . . . . 1 . . . . . . . . 1 Interference 4 | . 1 . . . . . . . . . . . . . . . . 3 . . . . . . . . . . . . . . . Siege Activations 68 | . . . . . . . . . . . . . . . . . . . 1 1 . 4 1 1 2 1 10 6 . 7 20 8 6 Total Turns 1432 | . . . . . . . . . . . . . . . . . . . 29 9 . 79 20 21 49 10 117 213 . 160 502 97 126 Longest Duration 125 | . . . . . . . . . . . . . . . . . . . 29 9 . 21 20 21 34 10 29 70 . 66 125 50 45 Robots Corrupted 2 | . . . . . . . . . . . . . . . . . . . . . 2 . . . . . . . . . . . . Combat Hostiles . | . . . . . . . . . . . . . . . . . . . . . . . . . . . . . . . . . . Parts Fried 8 | . . . . . . . . . . . . . . . . . . 2 . . 6 . . . . . . . . . . . . Impact Corruptions 9 | . . . . 1 . . . . 1 . . . . . . . . 1 . . 1 1 . . . . 3 . . . 1 . . Robots Melted 56 | . 1 . 2 . . 2 . 1 . 1 . 1 . . . 3 1 3 3 1 2 2 . . 1 . 7 3 . 2 7 11 2 Combat Hostiles 45 | . 1 . 2 . . 1 . 1 . 1 . . . . . 3 . 3 2 1 2 2 . . 1 . 6 2 . 1 5 9 2 Parts Melted 227 | . 1 . 17 . 11 9 7 2 . 6 . 4 . . . 8 13 14 5 1 2 10 4 7 7 6 28 8 1 5 25 19 7 Heat Transferred 105215 | . 1739 555 6142 962 2220 3256 777 1036 222 1110 1674 2716 333 592 . 1834 3586 5212 1647 1029 1305 4251 885 1483 4559 500 6170 5364 533 3858 9537 22145 7983 Parts Sabotaged . | . . . . . . . . . . . . . . . . . . . . . . . . . . . . . . . . . . Parts Stolen . | . . . . . . . . . . . . . . . . . . . . . . . . . . . . . . . . . . Parts Stripped . | . . . . . . . . . . . . . . . . . . . . . . . . . . . . . . . . . . Power Chain Reactions 3 | . 1 . . . . . . . . . 2 . . . . . . . . . . . . . . . . . . . . . . Missiles Intercepted . | . . . . . . . . . . . . . . . . . . . . . . . . . . . . . . . . . . Alert | -11 -10 -10 -9 -9 -8 -8 -7 -7 -7 -7 -6 -6 -6 -6 -6 -5 -5 -5 -5 -5 -5 -4 -4 -4 -4 -3 -3 -3 -2 -2 -2 -1 -1 ------- Run | Scr Mat Min Mat Min Mat Sto Fac Low Low Dat Pro Fac Low Low Zio Pro Fac Ext Cet Arc Hub Fac Upp Upp War Pro Res Tes Res Qua Sec Acc Com Peak Influence 8495 | . 168 91 541 75 127 409 166 . . . . 513 . . . . 258 609 550 349 591 356 . . . . 551 651 231 344 4219 8495 6388 Initial 5436 | . . 25 35 75 19 33 140 . . . . 163 . . . . . 126 340 215 121 284 . . . . 40 141 27 54 193 2531 5436 Average 662 | . 70 23 242 47 62 244 67 . . . . 244 . . . . 97 218 490 307 173 125 . . . . 220 220 98 217 1323 6289 5609 Maximum Alert Level 5 | . . . 2 . . 2 . . . . . 2 . . . . 1 2 2 1 2 1 . . . . 2 2 1 1 5 5 5 Low Security (%) 49 | 100 100 100 32 100 100 20 100 . . . . 50 . . . . 85 64 . . 55 79 . . . . 50 55 85 37 4 . . Level 1 27 | . . . 63 . . 77 . . . . . 36 . . . . 14 14 9 100 37 20 . . . . 38 26 14 62 18 . . Level 2 8 | . . . 4 . . 2 . . . . . 13 . . . . . 21 90 . 7 . . . . . 11 17 . . 20 . . Level 3 3 | . . . . . . . . . . . . . . . . . . . . . . . . . . . . . . . 21 . . Level 4 1 | . . . . . . . . . . . . . . . . . . . . . . . . . . . . . . . 11 . . Level 5 1 | . . . . . . . . . . . . . . . . . . . . . . . . . . . . . . . . 1 51 High Security 1 | . . . . . . . . . . . . . . . . . . . . . . . . . . . . . . . . . 48 Max Security 6 | . . . . . . . . . . . . . . . . . . . . . . . . . . . . . . . 23 98 . Sterilizations 2 | . . . . . . . . . . . . . . . . . . . . . . . . . . . . . . . 1 1 . Squads Dispatched 139 | . 2 . 5 . 1 1 2 . . . 1 8 . . . . 5 2 . . 3 5 . . . . 7 10 2 7 35 33 10 Investigation 14 | . 1 . 4 . . . 1 . . . . . . . . . 2 . . . . 2 . . . . 1 2 . . . . 1 Extermination 29 | . . . . . . . 1 . . . . 2 . . . . 1 . . . . 2 . . . . 3 6 . 5 8 . 1 Reinforcement 28 | . 1 . 1 . 1 1 . . . . . 4 . . . . 2 2 . . 3 . . . . . 3 1 2 2 2 3 . Assault 65 | . . . . . . . . . . . 1 . . . . . . . . . . . . . . . . 1 . . 25 30 8 Garrison 3 | . . . . . . . . . . . . 2 . . . . . . . . . 1 . . . . . . . . . . . Intercept . | . . . . . . . . . . . . . . . . . . . . . . . . . . . . . . . . . . Searches Triggered . | . . . . . . . . . . . . . . . . . . . . . . . . . . . . . . . . . . Construction Impeded 9 | . . . . . . . . . . . . . . . . . . 1 . . 2 . . . . . 2 . . . 1 3 . Haulers Reinforced 8 | . . . . . . . . . . . . 2 . . . . 2 . . . . . . . . . 1 . 2 . 1 . . Active Scanning Responses . | . . . . . . . . . . . . . . . . . . . . . . . . . . . . . . . . . . Cargo Convoy Interrupts . | . . . . . . . . . . . . . . . . . . . . . . . . . . . . . . . . . . Stealth | -11 -10 -10 -9 -9 -8 -8 -7 -7 -7 -7 -6 -6 -6 -6 -6 -5 -5 -5 -5 -5 -5 -4 -4 -4 -4 -3 -3 -3 -2 -2 -2 -1 -1 --------- Run | Scr Mat Min Mat Min Mat Sto Fac Low Low Dat Pro Fac Low Low Zio Pro Fac Ext Cet Arc Hub Fac Upp Upp War Pro Res Tes Res Qua Sec Acc Com Distress Signals 27 | . 1 . 2 . . 2 . . . . . 1 . . . . . 3 2 . 2 . . . . . 2 2 4 . 1 4 1 Communications Jammed 13 | . . . . . . . . . . . . . . . . . . . . . . . . . . . . 3 . . 10 . . Distress Signals 13 | . . . . . . . . . . . . . . . . . . . . . . . . . . . . 3 . . 10 . . Times Spotted 910 | . 23 10 42 3 9 24 3 4 1 2 38 26 3 7 . 6 22 43 10 5 13 19 2 5 90 5 34 39 3 28 169 168 54 Peak Tracking Total 21 | . 3 3 3 3 4 4 1 4 1 1 9 5 3 3 . 3 6 5 5 1 6 5 2 3 16 3 4 5 2 7 21 20 19 Tactical Retreats 23 | . . . 1 . . 2 . . . . 4 . . . . . . 1 . . . 1 . . 1 . . 4 . 2 5 2 . Traps | -11 -10 -10 -9 -9 -8 -8 -7 -7 -7 -7 -6 -6 -6 -6 -6 -5 -5 -5 -5 -5 -5 -4 -4 -4 -4 -3 -3 -3 -2 -2 -2 -1 -1 ------- Run | Scr Mat Min Mat Min Mat Sto Fac Low Low Dat Pro Fac Low Low Zio Pro Fac Ext Cet Arc Hub Fac Upp Upp War Pro Res Tes Res Qua Sec Acc Com Traps Triggered 23 | . 3 . 2 . . 3 . . . . . 4 . 1 . . 1 1 . . 3 2 . . . . . 1 . . . 2 . Indirectly . | . . . . . . . . . . . . . . . . . . . . . . . . . . . . . . . . . . Trap Hack Attempts . | . . . . . . . . . . . . . . . . . . . . . . . . . . . . . . . . . . Triggered . | . . . . . . . . . . . . . . . . . . . . . . . . . . . . . . . . . . Disarmed . | . . . . . . . . . . . . . . . . . . . . . . . . . . . . . . . . . . Reprogrammed . | . . . . . . . . . . . . . . . . . . . . . . . . . . . . . . . . . . Reused 7 | . . . . 5 . . . . . 2 . . . . . . . . . . . . . . . . . . . . . . . Traps Extracted . | . . . . . . . . . . . . . . . . . . . . . . . . . . . . . . . . . . Installed 8 | . . . . 5 . . . . . 3 . . . . . . . . . . . . . . . . . . . . . . . Triggered 25 | . . . . 5 . . . . 2 . . . . 3 . . . . . . . . . . 15 . . . . . . . . Most Traps Carried 4 | . . . . . . . . . 3 3 . . . 4 4 4 4 . . . . . . . . . . . . . . . . Machines | -11 -10 -10 -9 -9 -8 -8 -7 -7 -7 -7 -6 -6 -6 -6 -6 -5 -5 -5 -5 -5 -5 -4 -4 -4 -4 -3 -3 -3 -2 -2 -2 -1 -1 ---------- Run | Scr Mat Min Mat Min Mat Sto Fac Low Low Dat Pro Fac Low Low Zio Pro Fac Ext Cet Arc Hub Fac Upp Upp War Pro Res Tes Res Qua Sec Acc Com Machines Disabled 98 | . 3 . 1 . . 3 . . . 1 2 11 . . . . 1 2 . 2 7 2 . . . . 1 9 2 7 33 7 4 Max in Single Turn 18 | . 2 . 1 . . 1 . . . 1 2 7 . . . . 1 1 . 1 6 1 . . . . 1 1 1 2 18 1 2 Garrison Access 5 | . . . . . . . . . . . . . . . . . . . . . 1 1 . . . . . . 2 1 . . . Network Hub 1 | . . . . . . . . . . . . . . . . . . . . . 1 . . . . . . . . . . . . Energy Cycler 1 | . . . . . . . . . . . . . . . . . . . . . . . . . . . . . . . . 1 . Machines Sabotaged . | . . . . . . . . . . . . . . . . . . . . . . . . . . . . . . . . . . Garrisons Compromised . | . . . . . . . . . . . . . . . . . . . . . . . . . . . . . . . . . . Overloaded Fab Kills . | . . . . . . . . . . . . . . . . . . . . . . . . . . . . . . . . . . Hacking | -11 -10 -10 -9 -9 -8 -8 -7 -7 -7 -7 -6 -6 -6 -6 -6 -5 -5 -5 -5 -5 -5 -4 -4 -4 -4 -3 -3 -3 -2 -2 -2 -1 -1 --------- Run | Scr Mat Min Mat Min Mat Sto Fac Low Low Dat Pro Fac Low Low Zio Pro Fac Ext Cet Arc Hub Fac Upp Upp War Pro Res Tes Res Qua Sec Acc Com Machines Accessed 126 | . 8 1 14 . 6 8 6 . . 4 . 4 . 1 . . 6 10 . . 8 8 . 1 3 . 9 9 1 7 9 . 3 Terminals 93 | . 7 1 10 . 6 6 5 . . . . 2 . . . . 5 10 . . 7 4 . . . . 5 7 1 5 9 . 3 Fabricators 4 | . . . . . . . . . . . . . . . . . . . . . . 2 . . . . 2 . . . . . . Repair Stations 12 | . . . 2 . . 2 1 . . . . 2 . . . . 1 . . . . 1 . . . . 1 1 . 1 . . . Recycling Units 3 | . 1 . 2 . . . . . . . . . . . . . . . . . . . . . . . . . . . . . . Scanalyzers 1 | . . . . . . . . . . . . . . . . . . . . . . . . . . . 1 . . . . . . Garrison Access 4 | . . . . . . . . . . . . . . . . . . . . . 1 1 . . . . . 1 . 1 . . . Total Hacks 484 | . 32 2 34 . 28 18 18 . . 29 . 10 . 1 . . 16 22 . . 22 55 . 1 8 . 43 73 6 26 31 . 9 Successful 281 | . 18 1 23 . 15 12 10 . . 29 . 7 . 1 . . 9 14 . . 14 31 . 1 8 . 23 27 4 17 15 . 2 Failed 201 | . 13 1 11 . 12 6 8 . . . . 3 . . . . 7 8 . . 8 24 . . . . 20 46 2 9 16 . 7 Catastrophic 23 | . . . . . 3 . 1 . . . . 1 . . . . 1 1 . . 2 3 . . . . 1 6 . 2 2 . . Database Lockouts 2 | . 1 . . . 1 . . . . . . . . . . . . . . . . . . . . . . . . . . . . Manual 207 | . 24 2 17 . 19 4 6 . . . . 2 . . . . 7 9 . . 16 23 . . 1 . 9 31 4 13 18 . 2 Terminals 352 | . 31 2 26 . 28 11 11 . . . . 4 . . . . 11 22 . . 21 29 . . . . 22 66 6 22 31 . 9 Fabricators 21 | . . . . . . . . . . . . . . . . . . . . . . 11 . . . . 10 . . . . . . Repair Stations 58 | . . . 6 . . 7 7 . . . . 6 . . . . 5 . . . . 14 . . . . 4 6 . 3 . . . Recycling Units 3 | . 1 . 2 . . . . . . . . . . . . . . . . . . . . . . . . . . . . . . Scanalyzers 7 | . . . . . . . . . . . . . . . . . . . . . . . . . . . 7 . . . . . . Garrison Access 4 | . . . . . . . . . . . . . . . . . . . . . 1 1 . . . . . 1 . 1 . . . Terminal Hacks 170 | . 10 1 12 . 10 5 2 . . 29 . . . 1 . . 4 12 . . 8 12 . 1 8 . 10 17 3 11 12 . 2 Record 16 | . . . . . . . . . . 11 . . . . . . . . . . . . . . 3 . . . 1 1 . . . Part Schematic 19 | . . . . . . . . . . 11 . . . . . . 1 1 . . 1 2 . . . . 2 . . . 1 . . Robot Schematic 4 | . . . . . . . . . . 4 . . . . . . . . . . . . . . . . . . . . . . . Robot Analysis 5 | . 2 . 1 . . . . . . . . . . . . . . . . . . . . . . . . 1 . . 1 . . Prototype ID Bank 14 | . 2 . 1 . 2 . . . . 3 . . . . . . . 1 . . . . . . 4 . . . . 1 . . . Open Door 16 | . . . . . . 3 . . . . . . . 1 . . 1 6 . . . . . 1 1 . . . . . 3 . . Level Access Points 1 | . . . . . . . . . . . . . . . . . . . . . 1 . . . . . . . . . . . . Branch Access Points 6 | . . . 1 . 1 . 1 . . . . . . . . . . . . . . 1 . . . . 1 . 1 . . . . Emergency Access Points 1 | . . . . . 1 . . . . . . . . . . . . . . . . . . . . . . . . . . . . Machine Index 2 | . 1 . . . . . . . . . . . . . . . . . . . . . . . . . . . . . . . 1 Terminal Index 9 | . 1 . 1 . 1 1 . . . . . . . . . . . 1 . . 1 1 . . . . . . . 2 . . . Fabricator Index 1 | . . . . . . . . . . . . . . . . . . . . . . 1 . . . . . . . . . . . Repair Station Index 2 | . . . 1 . . . . . . . . . . . . . . . . . . 1 . . . . . . . . . . . Scanalyzer Index 1 | . . . . . . . . . . . . . . . . . 1 . . . . . . . . . . . . . . . . Alert Level 17 | . 1 . 2 . 1 . . . . . . . . . . . . 1 . . . 2 . . . . 1 4 1 3 1 . . Unreport Threat 16 | . . . 3 . 1 . . . . . . . . . . . 1 1 . . . 2 . . . . 2 5 . . 1 . . Locate Traps 1 | . . . . . . . . . . . . . . . . . . 1 . . . . . . . . . . . . . . . Recall Investigation 1 | . . . . . . . . . . . . . . . . . . . . . . . . . . . . 1 . . . . . Recall Extermination 1 | . . . . . . . . . . . . . . . . . . . . . . . . . . . 1 . . . . . . Recall Reinforcements 4 | . . . . . . 1 . . . . . . . . . . . . . . . . . . . . . 1 . . 2 . . Hauler Manifests 9 | . 1 . 1 . 1 . 1 . . . . . . . . . . . . . 1 1 . . . . 1 1 . 1 . . . Zone Layout 22 | . 2 1 1 . 2 . . . . . . . . . . . . . . . 4 1 . . . . 2 4 . 3 2 . . Activate Exoskeleton 1 | . . . . . . . . . . . . . . . . . . . . . . . . . . . . . . . 1 . . Disengage Seal 1 | . . . . . . . . . . . . . . . . . . . . . . . . . . . . . . . . . 1 Fabricator Hacks 9 | . . . . . . . . . . . . . . . . . . . . . . 6 . . . . 3 . . . . . . Load Schematic 4 | . . . . . . . . . . . . . . . . . . . . . . 3 . . . . 1 . . . . . . Build 5 | . . . . . . . . . . . . . . . . . . . . . . 3 . . . . 2 . . . . . . Repair Station Hacks 36 | . . . 3 . . 5 5 . . . . 6 . . . . 3 . . . . 8 . . . . 2 2 . 2 . . . Scan Component 21 | . . . 2 . . 3 3 . . . . 3 . . . . 2 . . . . 5 . . . . 1 1 . 1 . . . Repair 15 | . . . 1 . . 2 2 . . . . 3 . . . . 1 . . . . 3 . . . . 1 1 . 1 . . . Recycling Unit Hacks . | . . . . . . . . . . . . . . . . . . . . . . . . . . . . . . . . . . Scanalyzer 4 | . . . . . . . . . . . . . . . . . . . . . . . . . . . 4 . . . . . . Insert Component 3 | . . . . . . . . . . . . . . . . . . . . . . . . . . . 3 . . . . . . Analyze 1 | . . . . . . . . . . . . . . . . . . . . . . . . . . . 1 . . . . . . Garrison Access Hacks 3 | . . . . . . . . . . . . . . . . . . . . . 1 1 . . . . . . . 1 . . . Seal Access 3 | . . . . . . . . . . . . . . . . . . . . . 1 1 . . . . . . . 1 . . . Unauthorized Hacks 59 | . 8 . 8 . 5 2 3 . . . . 1 . . . . 2 2 . . 5 4 . . . . 4 8 1 3 3 . . Terminals 53 | . 7 . 6 . 5 2 3 . . . . 1 . . . . 2 2 . . 5 3 . . . . 3 7 1 3 3 . . Track 3 | . . . . . . . . . . . . . . . . . . . . . . . . . . . . 2 . . 1 . . Assimilate 1 | . 1 . . . . . . . . . . . . . . . . . . . . . . . . . . . . . . . . Botnet 47 | . 6 . 6 . 5 2 3 . . . . 1 . . . . 2 2 . . 4 3 . . . . 3 4 1 3 2 . . Operators 2 | . . . . . . . . . . . . . . . . . . . . . 1 . . . . . . 1 . . . . . Fabricators 2 | . . . . . . . . . . . . . . . . . . . . . . 1 . . . . 1 . . . . . . Prioritize 2 | . . . . . . . . . . . . . . . . . . . . . . 1 . . . . 1 . . . . . . Repair Stations . | . . . . . . . . . . . . . . . . . . . . . . . . . . . . . . . . . . Recycling Units 3 | . 1 . 2 . . . . . . . . . . . . . . . . . . . . . . . . . . . . . . Tunnel 3 | . 1 . 2 . . . . . . . . . . . . . . . . . . . . . . . . . . . . . . Scanalyzers . | . . . . . . . . . . . . . . . . . . . . . . . . . . . . . . . . . . Garrison Access 1 | . . . . . . . . . . . . . . . . . . . . . . . . . . . . 1 . . . . . Reprogram 1 | . . . . . . . . . . . . . . . . . . . . . . . . . . . . 1 . . . . . Data Cores Recovered 3 | . . . . . . 1 . . . . . . . . . . . . . . 1 . . . . . . . . . 1 . . Used 1 | . . . . . . . . . . . . . . . . . . . . . 1 . . . . . . . . . . . . Hacking Detections 93 | . 7 1 12 . 6 5 6 . . . . 2 . . . . 5 7 . . 7 7 . . . . 9 7 . 4 5 . 3 Full Trace Events 7 | . . . . . . . 1 . . . . . . . . . 1 . . . . 2 . . . . 1 1 . . . . 1 Feedback Events 1 | . . . . . . . 1 . . . . . . . . . . . . . . . . . . . . . . . . . . Corruption 1 | . . . . . . . 1 . . . . . . . . . . . . . . . . . . . . . . . . . . Feedback Blocked . | . . . . . . . . . . . . . . . . . . . . . . . . . . . . . . . . . . Robot Schematics Acquired 8 | . . . . . . . . . . 4 . . . . . . . . . . . . . . . . . . . 4 . . . Robots Built . | . . . . . . . . . . . . . . . . . . . . . . . . . . . . . . . . . . Authchips . | . . . . . . . . . . . . . . . . . . . . . . . . . . . . . . . . . . Time . | . . . . . . . . . . . . . . . . . . . . . . . . . . . . . . . . . . Total Robot Build Rating . | . . . . . . . . . . . . . . . . . . . . . . . . . . . . . . . . . . Part Schematics Acquired 29 | . . . . . . . . . . 11 . . . . . . 1 1 . . 1 2 . . . . 3 . . 6 4 . . Parts Built 9 | . . . . . . . . . . . . . . . . . . . . . . 5 . . . . 4 . . . . . . Authchips 1 | . . . . . . . . . . . . . . . . . . . . . . 1 . . . . . . . . . . . Time 346 | . . . . . . . . . . . . . . . . . . . . . . 277 . . . . 69 . . . . . . Total Part Build Rating 81 | . . . . . . . . . . . . . . . . . . . . . . 45 . . . . 36 . . . . . . Parts Repaired 15 | . . . 1 . . 2 2 . . . . 3 . . . . 1 . . . . 3 . . . . 1 1 . 1 . . . Time 634 | . . . 26 . . 82 76 . . . . 140 . . . . 16 . . . . 121 . . . . 45 20 . 108 . . . Parts Recycled . | . . . . . . . . . . . . . . . . . . . . . . . . . . . . . . . . . . Recycled Matter . | . . . . . . . . . . . . . . . . . . . . . . . . . . . . . . . . . . Retrieved Matter . | . . . . . . . . . . . . . . . . . . . . . . . . . . . . . . . . . . Retrieved Components . | . . . . . . . . . . . . . . . . . . . . . . . . . . . . . . . . . . Parts Scanalyzed 1 | . . . . . . . . . . . . . . . . . . . . . . . . . . . 1 . . . . . . Part Schematics Acquired 1 | . . . . . . . . . . . . . . . . . . . . . . . . . . . 1 . . . . . . Parts Damaged 1 | . . . . . . . . . . . . . . . . . . . . . . . . . . . 1 . . . . . . Bothacking | -11 -10 -10 -9 -9 -8 -8 -7 -7 -7 -7 -6 -6 -6 -6 -6 -5 -5 -5 -5 -5 -5 -4 -4 -4 -4 -3 -3 -3 -2 -2 -2 -1 -1 ------------ Run | Scr Mat Min Mat Min Mat Sto Fac Low Low Dat Pro Fac Low Low Zio Pro Fac Ext Cet Arc Hub Fac Upp Upp War Pro Res Tes Res Qua Sec Acc Com Used RIF Installer . | . . . . . . . . . . . . . . . . . . . . . . . . . . . . . . . . . . Robots Hacked . | . . . . . . . . . . . . . . . . . . . . . . . . . . . . . . . . . . Non-combat . | . . . . . . . . . . . . . . . . . . . . . . . . . . . . . . . . . . Combat . | . . . . . . . . . . . . . . . . . . . . . . . . . . . . . . . . . . Robot Hacks Applied . | . . . . . . . . . . . . . . . . . . . . . . . . . . . . . . . . . . Relay Couplers Released 16 | . . . . . . . . . . . . . . . . . . . . . . . . . . . 7 4 5 . . . . Machine Destruction 2 | . . . . . . . . . . . . . . . . . . . . . . . . . . . . . 2 . . . . Programmers 14 | . . . . . . . . . . . . . . . . . . . . . . . . . . . 7 4 3 . . . . Fabnet Peak Effective % . | . . . . . . . . . . . . . . . . . . . . . . . . . . . . . . . . . . Robots Rewired 19 | . . . . . . . . . . . . . . . . . . 17 . . . . . . 2 . . . . . . . . Allies Hacked . | . . . . . . . . . . . . . . . . . . . . . . . . . . . . . . . . . . Hacks Repelled 1 | . . . . . . . . . . . . . . . . . . . . . . . . . 1 . . . . . . . . Allies | -11 -10 -10 -9 -9 -8 -8 -7 -7 -7 -7 -6 -6 -6 -6 -6 -5 -5 -5 -5 -5 -5 -4 -4 -4 -4 -3 -3 -3 -2 -2 -2 -1 -1 -------- Run | Scr Mat Min Mat Min Mat Sto Fac Low Low Dat Pro Fac Low Low Zio Pro Fac Ext Cet Arc Hub Fac Upp Upp War Pro Res Tes Res Qua Sec Acc Com Total Allies 75 | . . . . 3 . . . . . . . . . . 5 . . 26 . . . . . . 2 . . 3 . . 1 . 35 Largest Group 15 | . . . . 3 2 . . . . . . . . . 5 5 . 15 15 . . . . . 2 . . 3 . . 1 1 13 Highest-Rated Group 1195 | . . . . 40 32 . . . . . . . . . 158 158 . 430 430 . . . . . 115 . . 246 . . 1195 1195 398 Highest-Rated Ally 1195 | . . . . 16 16 . . . . . . . . . 51 51 . 159 39 . . . . . 65 . . 82 . . 1195 1195 234 Total Orders . | . . . . . . . . . . . . . . . . . . . . . . . . . . . . . . . . . . Ally Attacks 580 | . . . . . 5 . . . . . . . . . . 27 . 110 73 . . . . . 15 . . 43 . . 78 126 103 Total Damage 31131 | . . . . . 77 . . . . . . . . . . 414 . 2131 1562 . . . . . 851 . . 460 . . 9181 14050 2405 Kills 135 | . . . . . 1 . . . . . . . . . . 1 . 19 11 . . . . . 6 . . 2 . . 32 51 12 Allies Corrupted 2 | . . . . . . . . . . . . . . . . . . . 2 . . . . . . . . . . . . . . Allies Melted 2 | . . . . . . . . . . . . . . . . . . . 1 . . . . . . . . . 1 . . . . Intel | -11 -10 -10 -9 -9 -8 -8 -7 -7 -7 -7 -6 -6 -6 -6 -6 -5 -5 -5 -5 -5 -5 -4 -4 -4 -4 -3 -3 -3 -2 -2 -2 -1 -1 ------- Run | Scr Mat Min Mat Min Mat Sto Fac Low Low Dat Pro Fac Low Low Zio Pro Fac Ext Cet Arc Hub Fac Upp Upp War Pro Res Tes Res Qua Sec Acc Com Robot Analysis Total 5 | . 2 . 1 . . . . . . . . . . . . . . . . . . . . . . . . 1 . . 1 . . Derelict Logs Recovered 11 | . . 1 . 1 . . . . . . 2 . 1 3 . 1 . . . . . . 1 1 . . . . . . . . . Drone Launches . | . . . . . . . . . . . . . . . . . . . . . . . . . . . . . . . . . . Drone Recoveries . | . . . . . . . . . . . . . . . . . . . . . . . . . . . . . . . . . . Exploration | -11 -10 -10 -9 -9 -8 -8 -7 -7 -7 -7 -6 -6 -6 -6 -6 -5 -5 -5 -5 -5 -5 -4 -4 -4 -4 -3 -3 -3 -2 -2 -2 -1 -1 ------------- Run | Scr Mat Min Mat Min Mat Sto Fac Low Low Dat Pro Fac Low Low Zio Pro Fac Ext Cet Arc Hub Fac Upp Upp War Pro Res Tes Res Qua Sec Acc Com Turns Passed 42745 | 69 1511 1357 3042 1318 1143 1883 1076 674 1053 429 1634 1791 722 1281 1649 836 1082 1544 381 200 641 1169 702 816 1531 595 1700 1778 703 1986 4758 1051 640 Spaces Moved 16488 | 41 562 532 1056 486 402 602 373 260 421 156 489 569 320 627 1023 335 451 650 147 70 230 433 402 452 830 363 803 586 275 589 1455 293 205 Core 64 | 11 . . . . . . . . . . 3 . . . . . . . . . . . . . . . . . . . . . 50 Treads 15053 | 30 562 532 1056 486 402 602 373 260 421 156 351 5 41 627 1023 111 282 650 147 70 230 433 402 452 830 363 803 586 275 589 1455 293 155 Legs 1224 | . . . . . . . . . . . 135 417 279 . . 224 169 . . . . . . . . . . . . . . . . Wheels 147 | . . . . . . . . . . . . 147 . . . . . . . . . . . . . . . . . . . . . Hover . | . . . . . . . . . . . . . . . . . . . . . . . . . . . . . . . . . . Flight . | . . . . . . . . . . . . . . . . . . . . . . . . . . . . . . . . . . Fastest Speed 50 | 50 160 240 240 240 240 243 243 243 243 163 240 130 190 160 160 160 162 165 165 166 166 152 152 152 152 145 145 160 160 240 240 240 50 Average Speed 203 | 143 224 240 240 240 242 243 243 243 243 192 292 211 196 185 160 190 174 165 165 166 166 158 152 152 152 145 146 160 240 248 240 240 191 Slowest Speed 1250 | 160 320 240 240 240 243 243 243 243 243 243 1250 470 240 240 160 240 190 165 166 166 166 166 152 152 225 145 160 160 250 250 240 240 320 Overloaded Moves . | . . . . . . . . . . . . . . . . . . . . . . . . . . . . . . . . . . Propulsion Burnouts . | . . . . . . . . . . . . . . . . . . . . . . . . . . . . . . . . . . Robots Hopped . | . . . . . . . . . . . . . . . . . . . . . . . . . . . . . . . . . . Cave-ins Triggered 1 | . . . . . . . . . . . . . . . . . . . . . . . . . . . . . . . 1 . . Exploration Rate (%) 53 | 4 96 93 96 87 38 97 13 52 49 79 67 19 47 70 83 50 12 85 59 68 32 10 50 54 77 54 28 67 18 70 75 15 11 Regions Visited 33 Branch Regions 23 Pre-discovered Areas 6 | . 1 1 2 . . . . . . 1 . . . 1 . . . . . . . . . . . . . . . . . . . Known Exits Taken 22 | . . . 1 . 1 . 1 1 1 1 1 1 . . . . 1 1 1 1 1 1 1 1 1 1 1 1 1 1 . . . Unknown Exits Taken 11 | 1 1 1 . 1 . 1 . . . . . . 1 1 1 1 . . . . . . . . . . . . . . 1 1 . Scrap Searched 23 | . . 1 . 1 . . . 1 6 . 2 . 2 1 4 1 . . . . . . 1 1 . 2 . . . . . . . Spaces Dug 163 | . . . . . . 3 . . . 1 10 1 5 . . . 9 . . . 13 3 2 12 . 7 17 22 . 9 30 12 7 Terrain Destroyed 1436 | . 2 9 . . 6 25 . . . 1 167 70 11 70 . . 66 29 8 2 198 18 7 27 40 35 92 49 1 34 117 302 50 Melee 1 | . . . . . . . . . . 1 . . . . . . . . . . . . . . . . . . . . . . . Projectile 433 | . . . . . 6 13 . . . . 8 5 11 7 . . 16 29 8 2 23 18 7 27 1 14 44 49 1 34 74 17 19 AOE 998 | . 2 9 . . . 12 . . . . 159 65 . 63 . . 50 . . . 175 . . . 39 21 48 . . . 43 281 31 Terrain Rammed . | . . . . . . . . . . . . . . . . . . . . . . . . . . . . . . . . . . Walls Destroyed . | . . . . . . . . . . . . . . . . . . . . . . . . . . . . . . . . . . Machines Disabled . | . . . . . . . . . . . . . . . . . . . . . . . . . . . . . . . . . . Actions | -11 -10 -10 -9 -9 -8 -8 -7 -7 -7 -7 -6 -6 -6 -6 -6 -5 -5 -5 -5 -5 -5 -4 -4 -4 -4 -3 -3 -3 -2 -2 -2 -1 -1 --------- Run | Scr Mat Min Mat Min Mat Sto Fac Low Low Dat Pro Fac Low Low Zio Pro Fac Ext Cet Arc Hub Fac Upp Upp War Pro Res Tes Res Qua Sec Acc Com Total 23011 | 48 727 568 1373 570 508 904 518 276 444 255 584 1003 383 682 1036 495 639 993 251 130 432 790 472 524 1032 402 1178 1193 303 1009 2374 529 386 Wait 3565 | . 96 6 122 34 42 218 112 4 4 54 14 281 28 8 1 125 73 152 61 41 167 241 54 29 76 7 184 358 9 277 608 54 25 Move 16454 | 40 561 531 1055 485 401 601 372 259 420 155 488 568 319 626 1022 334 450 649 146 69 229 432 401 451 829 362 802 585 274 588 1453 292 205 Hop . | . . . . . . . . . . . . . . . . . . . . . . . . . . . . . . . . . . Pick Up 261 | 2 14 3 31 1 9 3 5 . 2 6 1 20 5 2 2 7 14 11 4 4 . 30 . 1 9 . 14 12 4 15 14 6 10 Fast Attach 181 | 6 5 . 6 1 . 5 5 . 2 3 3 18 . 4 4 . 6 3 8 . . 6 2 . 18 . 13 16 2 10 22 . 13 Attach 123 | . . 2 6 . 2 . 3 . . 1 5 7 5 . . 5 2 2 . 1 3 8 . 1 3 4 7 5 2 6 11 7 25 Detach 28 | . . . . . . . . . . . . . . . . . . . 1 . . . . . 2 1 4 1 . 2 1 2 14 Swap 280 | . 3 2 17 6 6 9 4 1 5 8 14 24 2 10 1 6 20 16 2 1 3 8 1 1 13 4 19 20 1 16 34 2 1 Drop 312 | . 4 . 38 4 13 9 6 . 6 8 1 15 4 4 6 2 20 16 12 3 . 10 2 1 27 . 17 29 3 22 22 1 7 Fire 1580 | . 41 19 87 29 28 49 10 12 3 15 53 70 20 26 . 16 50 58 17 11 29 51 12 40 35 24 111 163 8 70 198 146 79 Melee 11 | . . . . . . . . . . 2 . . . . . . . . . . . . . . . . . . . 2 7 . . Ram . | . . . . . . . . . . . . . . . . . . . . . . . . . . . . . . . . . . Kick . | . . . . . . . . . . . . . . . . . . . . . . . . . . . . . . . . . . Crush 74 | . 3 5 11 5 7 6 1 . 2 . . . . 2 . . 4 4 . . 1 4 . . . . 7 4 . 1 3 3 1 Escape Stasis 27 | . . . . . . 4 . . . . . . . . . . . . . . . . . . . . . . . . 1 16 6 Rewire 107 | . . . . . . . . . . . 5 . . . . . . 82 . . . . . . 20 . . . . . . . . Trap 8 | . . . . 5 . . . . . 3 . . . . . . . . . . . . . . . . . . . . . . . Miscellaneous . | . . . . . . . . . . . . . . . . . . . . . . . . . . . . . . . . . . Route ------- -11/Scrapyard -10/Materials (discovered 4 exits: *Mat x3 / *Min) -10/Mines (discovered 3 exits: *Mat x2 / [*Exi]) -9/Materials (discovered 5 exits: *Mat x3 / *Min x2) -9/Mines (discovered 2 exits: *Mat x2) -8/Materials (discovered 2 exits: *Sto x2) -8/Storage -7/Factory (discovered 2 exits: *Low x2) -7/Lower Caves -7/Lower Caves -7/Data Miner -6/Proximity Caves -6/Factory -6/Lower Caves -6/Lower Caves -6/Zion -5/Proximity Caves -5/Factory (discovered 2 exits: *Upp / *Ext) -5/Extension (discovered 2 exits: *Fac / *Cet) -5/Cetus (discovered 2 exits: *Fac / *Arc) -5/Archives (discovered 2 exits: *Hub x2) -5/Hub_04(d) (discovered 4 exits: *Fac x4) -4/Factory (discovered 3 exits: *Upp x2 / Arm) -4/Upper Caves -4/Upper Caves -4/Warlord -3/Proximity Caves -3/Research (discovered 4 exits: *Res x2 / *Tes x2) -3/Testing -2/Research (discovered 2 exits: *Qua x2) -2/Quarantine (discovered 2 exits: [*Acc] / *Sec) -2/Section 7 -1/Access -1/Command History --------- Turn | Location | Event 14 | -11/Scrapyard | Discovered new exit (range 16) 70 | -11/Scrapyard | Entered Materials 305 | -10/Materials | Build established: Mutant 418 | -10/Materials | Discovered new exit (range 16) 565 | -10/Materials | Central database locked down 565 | -10/Materials | Discovered new exit (range 22) 919 | -10/Materials | Discovered new exit (range 12) 1262 | -10/Materials | Discovered new exit (range 16) 1581 | -10/Materials | Entered Mines 1617 | -10/Mines | Assembled infested the area 1815 | -10/Mines | Discovered new exit (range 7) 2081 | -10/Mines | Received a Rocket Launcher from a helpful Derelict 2299 | -10/Mines | Learned location of Zion (-6) 2645 | -10/Mines | Deemed a non-threat by the Exiles lab entrance 2645 | -10/Mines | Discovered new exit (range 5) 2698 | -10/Mines | Discovered new exit (range 5) 2938 | -10/Mines | Entered Materials 2938 | -9/Materials | Evolved 2 slots: Utility x1, Weapon x1 3297 | -9/Materials | Build established: Scavenger-Gunner 3775 | -9/Materials | Discovered new exit (range 15) 4109 | -9/Materials | Identified exit to Mines 4556 | -9/Materials | Discovered new exit (range 14) 4948 | -9/Materials | Repaired Beam Cannon 5233 | -9/Materials | Discovered new exit (range 15) 5980 | -9/Materials | Entered Mines 6021 | -9/Mines | Discovered new exit (range 12) 6074 | -9/Mines | Found a hidden stash of uninstalled traps 6353 | -9/Mines | Discovered new exit (range 7) 6666 | -9/Mines | Joined a pair of Derelicts in attacking an 0b10 outpost 6780 | -9/Mines | Learned Materials emergency access door positions 6890 | -9/Mines | Assisted by bots powering up and referring to "LRC-V3" 6980 | -9/Mines | YI-UF0 nonchalantly dropped a Grenade Launcher on the ground 7137 | -9/Mines | Destroyed YI-UF0 7145 | -9/Mines | Found Prototype Storage 7146 | -9/Mines | Identified YI-UF0's Bottomless Matter Pit 7174 | -9/Mines | Excavation squad dispatched 7174 | -9/Mines | A large section of the Mines collapsed 7298 | -9/Mines | Entered Materials 7298 | -8/Materials | Accompanied by 2 allies 7298 | -8/Materials | Evolved 2 slots: Propulsion x1, Utility x1 7589 | -8/Materials | Build established: Tank 7797 | -8/Materials | Identified exit to Storage 7797 | -8/Materials | Central database locked down 8441 | -8/Materials | Entered Storage 9501 | -8/Storage | Repaired Imp. Treads 9875 | -8/Storage | Repaired Adv. Heat Sink 10292 | -8/Storage | Discovered new exit (range 9) 10324 | -8/Storage | Entered Factory 10324 | -7/Factory | Evolved 2 slots: Utility x2 10609 | -7/Factory | Identified exit to Lower Caves 10629 | -7/Factory | Build established: Skirmisher 11342 | -7/Factory | Repaired Ion Cannon 11381 | -7/Factory | Repaired Arm. Treads 11400 | -7/Factory | Entered Lower Caves 11982 | -7/Lower Caves | Discovered new exit (range 5) 11992 | -7/Lower Caves | Identified exit to Lower Caves 12021 | -7/Lower Caves | Attracted the attention of an 0b10 outpost 12074 | -7/Lower Caves | Entered another Lower Caves area 12996 | -7/Lower Caves | Discovered new exit (range 10) 13015 | -7/Lower Caves | Identified exit to Data Miner 13127 | -7/Lower Caves | Entered Data Miner 13127 | -7/Data Miner | Discovered new exit (range 6) 13163 | -7/Data Miner | Met Data Miner 13197 | -7/Data Miner | Learned location of Section 7 (-2) 13197 | -7/Data Miner | Acquired the access code to Warlord's prototype stash 13220 | -7/Data Miner | Received God Mode back door access code from Data Miner 13337 | -7/Data Miner | Destroyed Data Miner 13340 | -7/Data Miner | Found Prototype Hackware 13344 | -7/Data Miner | Found Prototype Hackware 13349 | -7/Data Miner | Found Prototype Hackware 13350 | -7/Data Miner | Data Conduit disabled 13468 | -7/Data Miner | Found Corrupted Prototype Device 13554 | -7/Data Miner | Identified exit to Proximity Caves 13556 | -7/Data Miner | Entered Proximity Caves 13574 | -6/Proximity Caves | Learned Factory stockpile data 14409 | -6/Proximity Caves | Attracted the attention of an 0b10 outpost 14476 | -6/Proximity Caves | Destroyed 7 combat bots 14526 | -6/Proximity Caves | System corruption reached 10% 14587 | -6/Proximity Caves | Attracted the attention of an 0b10 checkpoint 14609 | -6/Proximity Caves | Core integrity fell below 50% 14636 | -6/Proximity Caves | Lost 9 parts (1p4n3u1w) 14825 | -6/Proximity Caves | Build established: Mutant 14950 | -6/Proximity Caves | Discovered new exit (range 11) 14986 | -6/Proximity Caves | Identified exit to Factory 15190 | -6/Proximity Caves | Entered Factory 15190 | -6/Factory | Evolved 2 slots: Power x1, Propulsion x1 16169 | -6/Factory | Build established: Scavenger-Skirmisher 16531 | -6/Factory | Repaired Cooling System 16651 | -6/Factory | Repaired Imp. Medium Armor Plating 16732 | -6/Factory | Repaired Prc. Rocket Launcher 16789 | -6/Factory | Garrison activated, responded to threat 16855 | -6/Factory | Identified System Mapper 16932 | -6/Factory | Discovered new exit (range 4) 16935 | -6/Factory | Identified exit to Lower Caves 16981 | -6/Factory | Entered Lower Caves 17236 | -6/Lower Caves | Learned Factory garrison access intel 17353 | -6/Lower Caves | Encountered a Warlord checkpoint 17494 | -6/Lower Caves | Build established: Scavenger-Mutant 17538 | -6/Lower Caves | Discovered new exit (range 10) 17540 | -6/Lower Caves | Attracted the attention of an 0b10 checkpoint 17602 | -6/Lower Caves | Lost 3 parts (1n1u1w) 17703 | -6/Lower Caves | Entered another Lower Caves area 17909 | -6/Lower Caves | Build established: Scavenger-Gunner 17923 | -6/Lower Caves | Learned location of Extension (-5) 18333 | -6/Lower Caves | Learned Factory emergency access door positions 18334 | -6/Lower Caves | Encountered a Warlord checkpoint 18845 | -6/Lower Caves | Discovered new exit (range 15) 18984 | -6/Lower Caves | Entered Zion 19056 | -6/Zion | System corruption cleaned by Quarantine Array 19251 | -6/Zion | Discovered new exit (range 9) 19297 | -6/Zion | Found Prototype Special Weapon 20570 | -6/Zion | Gained Derelict followers 20633 | -6/Zion | Entered Proximity Caves 20633 | -5/Proximity Caves | Accompanied by 5 allies 20661 | -5/Proximity Caves | Attracted the attention of an 0b10 checkpoint 20752 | -5/Proximity Caves | Spotted B-75 Beast 20775 | -5/Proximity Caves | Destroyed B-75 Beast 20817 | -5/Proximity Caves | Lost 5 parts (1p3n1u) 21126 | -5/Proximity Caves | Learned Factory terminal intel 21431 | -5/Proximity Caves | Discovered new exit (range 14) 21469 | -5/Proximity Caves | Entered Factory 21469 | -5/Factory | Evolved 2 slots: Utility x2 21470 | -5/Factory | Identified exit to Upper Caves 21470 | -5/Factory | Identified exit to Extension 21472 | -5/Factory | Loaded intel: 28 terminal locations 21473 | -5/Factory | Loaded intel: 4 garrison access locations 21994 | -5/Factory | Repaired Cooling System 22551 | -5/Factory | Entered Extension 22637 | -5/Extension | Build established: Hacker-Gunner 22796 | -5/Extension | Rescued a captive Derelict 22839 | -5/Extension | Rescued a captive Derelict 22839 | -5/Extension | Rescued a captive Derelict 22966 | -5/Extension | Rescued A7 23359 | -5/Extension | Spotted B-75 Beast 23393 | -5/Extension | Destroyed B-75 Beast 23402 | -5/Extension | Spotted B-75 Beast 23430 | -5/Extension | Destroyed B-75 Beast 23449 | -5/Extension | Extracted ID and sensor layout for unrecognized location from A7's data core 23576 | -5/Extension | Disrupted transfer network 23594 | -5/Extension | Rescued a captive Derelict 23836 | -5/Extension | Rescued a captive Derelict 23836 | -5/Extension | Rescued a captive Derelict 23878 | -5/Extension | Rescued a captive Derelict 23879 | -5/Extension | Rescued a captive Derelict 24061 | -5/Extension | Discovered new exit (range 10) 24063 | -5/Extension | Discovered new exit (range 6) 24081 | -5/Extension | Identified exit to Cetus 24095 | -5/Extension | Entered Cetus 24095 | -5/Cetus | Accompanied by 15 allies 24117 | -5/Cetus | Spotted Cetus Guard 24117 | -5/Cetus | Spotted Cetus Guard 24120 | -5/Cetus | Spotted Cetus Guard 24121 | -5/Cetus | Spotted Cetus Guard 24121 | -5/Cetus | Allies destroyed Cetus Guard 24125 | -5/Cetus | Allies destroyed Cetus Guard 24134 | -5/Cetus | Allies destroyed Cetus Guard 24141 | -5/Cetus | Allies destroyed Cetus Guard 24193 | -5/Cetus | Build established: Commander-Skirmisher 24239 | -5/Cetus | Discovered new exit (range 15) 24303 | -5/Cetus | Spotted Cetus Guard 24303 | -5/Cetus | Spotted Cetus Guard 24307 | -5/Cetus | Spotted Cetus Guard 24307 | -5/Cetus | Spotted Cetus Guard 24308 | -5/Cetus | Destroyed Cetus Guard 24327 | -5/Cetus | Destroyed Cetus Guard 24341 | -5/Cetus | Destroyed Cetus Guard 24349 | -5/Cetus | Destroyed Cetus Guard 24374 | -5/Cetus | Discovered new exit (range 15) 24383 | -5/Cetus | Met Revision 17 24384 | -5/Cetus | Destroyed Revision 17 24475 | -5/Cetus | Identified exit to Archives 24476 | -5/Cetus | Entered Archives 24618 | -5/Archives | Discovered new exit (range 16) 24639 | -5/Archives | Discovered new exit (range 15) 24674 | -5/Archives | Identified exit to Hub_04(d) 24676 | -5/Archives | Entered Hub_04(d) 24819 | -5/Hub_04(d) | Identified exit to Factory 24860 | -5/Hub_04(d) | System corruption reached 10% 25116 | -5/Hub_04(d) | Build established: Scavenger-Skirmisher 25272 | -5/Hub_04(d) | Network Hub disabled 25296 | -5/Hub_04(d) | Spotted Lightning 25309 | -5/Hub_04(d) | Spotted Lightning 25309 | -5/Hub_04(d) | Spotted Lightning 25317 | -5/Hub_04(d) | Entered Factory 25317 | -4/Factory | Evolved 2 slots: Utility x2 25320 | -4/Factory | Identified Ghost Barrier 25342 | -4/Factory | Lost 4 parts (1p1n2u) 25393 | -4/Factory | Identified exit to Upper Caves 25393 | -4/Factory | Identified exit to Armory 25437 | -4/Factory | Garrison activated, responded to threat 25612 | -4/Factory | Lost 3 parts (3w) 25678 | -4/Factory | Fabricated Biometal Heavy Treads (x2) 25752 | -4/Factory | Fabricated Biometal Heavy Treads? 25933 | -4/Factory | Repaired Hcp. Storage Unit 26047 | -4/Factory | Repaired Centrium Medium Armor Plating 26102 | -4/Factory | Repaired Centrium Heavy Treads 26242 | -4/Factory | System corruption reached 10% 26383 | -4/Factory | Fabricated Enh. Nova Cannon (x1) 26486 | -4/Factory | Entered Upper Caves 26645 | -4/Upper Caves | Learned Research interactive machine intel 26672 | -4/Upper Caves | Encountered a Warlord checkpoint 27164 | -4/Upper Caves | Discovered new exit (range 13) 27187 | -4/Upper Caves | Identified exit to Upper Caves 27188 | -4/Upper Caves | Entered another Upper Caves area 27228 | -4/Upper Caves | Learned Research trap positions 27436 | -4/Upper Caves | Spotted B-86 Titan 27804 | -4/Upper Caves | Build established: Scavenger-Mutant 27872 | -4/Upper Caves | Discovered new exit (range 13) 28002 | -4/Upper Caves | Identified exit to Warlord 28004 | -4/Upper Caves | Entered Warlord 28056 | -4/Warlord | System corruption cleaned by Quarantine Array 28595 | -4/Warlord | Met Warlord 28609 | -4/Warlord | Opened Warlord's prototype stash 28615 | -4/Warlord | Found Prototype Reactor 28620 | -4/Warlord | Warlord's base attacked by MAIN.C 28620 | -4/Warlord | Found Prototype Device 28620 | -4/Warlord | Identified Exp. Phase Shifter 28631 | -4/Warlord | Found Prototype Device 28631 | -4/Warlord | Identified Thermal Barrier 28642 | -4/Warlord | Found Prototype Processor 28643 | -4/Warlord | Identified Exp. Target Analyzer 28917 | -4/Warlord | Build established: Scavenger-Gunner 28947 | -4/Warlord | Warlord forces counterattacked 28950 | -4/Warlord | Spotted Striker 28971 | -4/Warlord | Destroyed Striker 29050 | -4/Warlord | Spotted Striker 29120 | -4/Warlord | Spotted Striker 29156 | -4/Warlord | Destroyed Striker 29202 | -4/Warlord | Destroyed 13 combat bots 29271 | -4/Warlord | Spotted B-90 Cyclops 29280 | -4/Warlord | Destroyed B-90 Cyclops 29287 | -4/Warlord | Spotted Striker 29295 | -4/Warlord | Warlord base infiltrated, sounded retreat 29299 | -4/Warlord | Spotted Striker 29336 | -4/Warlord | Destroyed Striker 29415 | -4/Warlord | Spotted Executioner 29435 | -4/Warlord | Lost 3 parts (1u2w) 29449 | -4/Warlord | Spotted Executioner 29516 | -4/Warlord | Discovered new exit (range 15) 29520 | -4/Warlord | Spotted Striker 29530 | -4/Warlord | Spotted Striker 29533 | -4/Warlord | Identified exit to Proximity Caves 29535 | -4/Warlord | Entered Proximity Caves 29958 | -3/Proximity Caves | Attracted the attention of an 0b10 checkpoint 29962 | -3/Proximity Caves | Core integrity fell below 50% 30097 | -3/Proximity Caves | Discovered new exit (range 6) 30104 | -3/Proximity Caves | Identified exit to Research 30130 | -3/Proximity Caves | Entered Research 30130 | -3/Research | Evolved 2 slots: Power x1, Utility x1 30131 | -3/Research | Loaded intel: 97 trap records 30132 | -3/Research | Loaded intel: 46 interactive machine locations 30163 | -3/Research | Identified exit to Testing 30200 | -3/Research | Fabricated Biometal Heavy Treads (x2) 30319 | -3/Research | Identified Deep Network Scanner 30319 | -3/Research | Identified Vortex Chain Reactor 30324 | -3/Research | Discovered new exit (range 8) 30349 | -3/Research | Identified exit to Research 30536 | -3/Research | Repaired Broken Coolant Network 31101 | -3/Research | Build established: Scavenger-Mutant 31542 | -3/Research | Discovered exit to Research (range 15) 31591 | -3/Research | Fabricated Adv. Heavy Siege Treads (x2) 31830 | -3/Research | Entered Testing 31865 | -3/Testing | Found Prototype Energy Cannon 31865 | -3/Testing | Identified Imp. Potential Cannon 31923 | -3/Testing | Found Prototype Energy Cannon 31923 | -3/Testing | Identified Hpw. Disruptor Cannon 32032 | -3/Testing | Found Prototype Energy Cannon 32032 | -3/Testing | Identified Null Cannon 32338 | -3/Testing | Build established: Hacker-Mutant 32361 | -3/Testing | Found Exp. Targeting Computer 32367 | -3/Testing | Found Prototype Device 32367 | -3/Testing | Identified Exp. Transmission Jammer 32379 | -3/Testing | Found Prototype Device 32380 | -3/Testing | Identified Exp. Thermal Shield 32649 | -3/Testing | System corruption reached 10% 32822 | -3/Testing | Found Prototype Protection 32822 | -3/Testing | Identified Centrium Heavy Armor Plating 32827 | -3/Testing | Found Prototype Launcher 32827 | -3/Testing | Identified Com. Tesla Bomb Launcher 32914 | -3/Testing | Repaired Lrn. Sensor Array 33259 | -3/Testing | Found Prototype Protection 33259 | -3/Testing | Identified SHELL Armor 33371 | -3/Testing | First assault squad dispatched 33435 | -3/Testing | Destroyed 7 combat bots 33483 | -3/Testing | Discovered exit to Research (range 15) 33512 | -3/Testing | Found Prototype Device 33522 | -3/Testing | Identified AEGIS Remote Shield 33608 | -3/Testing | Entered Research 33608 | -2/Research | Warlord forces began assault on 0b10 33608 | -2/Research | Evolved 2 slots: Utility x2 33669 | -2/Research | Identified exit to Quarantine 33718 | -2/Research | Research machine network offline 34233 | -2/Research | Borebot progress halted 34306 | -2/Research | Warlord destroyed during the assault 34311 | -2/Research | Entered Quarantine 34365 | -2/Quarantine | Build established: Hacker-Gunner 34607 | -2/Quarantine | Found Alien Artifact 34608 | -2/Quarantine | Identified Core Reset Matrix 34608 | -2/Quarantine | Used Core Reset Matrix 34612 | -2/Quarantine | Detected hypermatrix surge 34612 | -2/Quarantine | Sensed 17 artifacts in vicinity 34865 | -2/Quarantine | Met incapacitated Sigix Warrior 34865 | -2/Quarantine | Lockdown squad dispatched 35044 | -2/Quarantine | Spotted Lightning 35049 | -2/Quarantine | Spotted Lightning 35050 | -2/Quarantine | Spotted Lightning 35062 | -2/Quarantine | Destroyed Lightning 35097 | -2/Quarantine | Destroyed Lightning 35135 | -2/Quarantine | Found Prototype Device 35136 | -2/Quarantine | Identified Exp. Phase Shifter 35174 | -2/Quarantine | Destroyed Lightning 35333 | -2/Quarantine | Repaired Coolant Network? 35469 | -2/Quarantine | Found Core Stripper 35522 | -2/Quarantine | Discovered new exit (range 12) 35710 | -2/Quarantine | Found Subatomic Replicator 36011 | -2/Quarantine | Spotted Fortress 36039 | -2/Quarantine | Destroyed Fortress 36071 | -2/Quarantine | Found Vortex Chain Reactor 36086 | -2/Quarantine | Found Prototype Device 36086 | -2/Quarantine | Identified Thermal Barrier 36100 | -2/Quarantine | Found Prototype Device 36100 | -2/Quarantine | Identified Exp. EM Disruption Field 36127 | -2/Quarantine | Found Prototype Device 36284 | -2/Quarantine | Build established: Hacker-Mutant 36285 | -2/Quarantine | Discovered new exit (range 5) 36293 | -2/Quarantine | Identified exit to Section 7 36297 | -2/Quarantine | Entered Section 7 36298 | -2/Section 7 | Sensed 24 artifacts in vicinity 36370 | -2/Section 7 | Found Integrated Dissipator 36370 | -2/Section 7 | Installed Integrated Dissipator, increased core heat dissipation (+20) 36471 | -2/Section 7 | Found Integrated Reactor 36471 | -2/Section 7 | Installed Integrated Reactor, increased core energy generation (+10) 36855 | -2/Section 7 | Build established: Hacker-Gunner 37282 | -2/Section 7 | Spotted S7 Guard 37316 | -2/Section 7 | Destroyed S7 Guard 37341 | -2/Section 7 | Found Core Membrane 37341 | -2/Section 7 | Installed Core Membrane, gained immunity to corruption 37552 | -2/Section 7 | Spotted B-90 Cyclops 37552 | -2/Section 7 | Crushed by falling debris 38047 | -2/Section 7 | First assault squad dispatched 38206 | -2/Section 7 | Found Integrated Dissipator 38206 | -2/Section 7 | Installed Integrated Dissipator, increased core heat dissipation (+20) 38301 | -2/Section 7 | Spotted Executioner 38301 | -2/Section 7 | Spotted Executioner 38308 | -2/Section 7 | Destroyed Executioner 38312 | -2/Section 7 | Destroyed Executioner 38452 | -2/Section 7 | Found Transdimensional Reconstructor 38456 | -2/Section 7 | Found Hpw. Transdimensional Reconstructor 38603 | -2/Section 7 | Build established: Hacker-Mutant 38638 | -2/Section 7 | Found Sigix Sheargun 38644 | -2/Section 7 | Found Sigix Sheargun 38666 | -2/Section 7 | Spotted Striker 38666 | -2/Section 7 | Spotted Striker 38692 | -2/Section 7 | Destroyed Striker 38695 | -2/Section 7 | Destroyed Striker 38712 | -2/Section 7 | Found Sigix Shearcannon 38934 | -2/Section 7 | Build established: Hacker-Gunner 39307 | -2/Section 7 | Spotted B-99 Colossus 39445 | -2/Section 7 | Found Integrated Reactor 39445 | -2/Section 7 | Installed Integrated Reactor, increased core energy generation (+10) 39449 | -2/Section 7 | Found Integrated Reactor 39449 | -2/Section 7 | Installed Integrated Reactor, increased core energy generation (+10) 39453 | -2/Section 7 | Found Integrated Reactor 39453 | -2/Section 7 | Installed Integrated Reactor, increased core energy generation (+10) 39475 | -2/Section 7 | Identified Exp. Force Field 39567 | -2/Section 7 | Found LRC Energy Well 39567 | -2/Section 7 | Installed LRC Energy Well, increased energy storage capacity (+250) 39759 | -2/Section 7 | Destroyed B-99 Colossus 39944 | -2/Section 7 | Activated Sigix Exoskeleton 39944 | -2/Section 7 | Received instructions from Sigix Warrior 39986 | -2/Section 7 | Spotted Executioner 39990 | -2/Section 7 | Allies destroyed Executioner 40018 | -2/Section 7 | Found Exp. Targeting Computer 40023 | -2/Section 7 | Found Prototype Processor 40023 | -2/Section 7 | Identified Exp. Core Analyzer 40033 | -2/Section 7 | Found Exp. Targeting Computer 40043 | -2/Section 7 | Found Exp. Core Analyzer 40053 | -2/Section 7 | Spotted Executioner 40065 | -2/Section 7 | Destroyed Executioner 40120 | -2/Section 7 | Destroyed 13 combat bots 40153 | -2/Section 7 | Spotted Striker 40158 | -2/Section 7 | Spotted Striker 40168 | -2/Section 7 | Destroyed Striker 40174 | -2/Section 7 | Allies destroyed Striker 40200 | -2/Section 7 | Destroyed 17 combat bots 40272 | -2/Section 7 | Spotted Executioner 40282 | -2/Section 7 | Sigix Exoskeleton integrity reduced to 80% 40282 | -2/Section 7 | Destroyed Executioner 40282 | -2/Section 7 | Allies destroyed Executioner 40285 | -2/Section 7 | Spotted Executioner 40299 | -2/Section 7 | Destroyed Executioner 40307 | -2/Section 7 | Sterilization system engaged 40307 | -2/Section 7 | Non-combat units ordered to evacuate 40332 | -2/Section 7 | Destroyed 19 combat bots 40338 | -2/Section 7 | Build established: Generator-Gunner 40347 | -2/Section 7 | Lost 3 parts (1p1n1u) 40407 | -2/Section 7 | Combat units ordered to evacuate 40571 | -2/Section 7 | Allies destroyed B-90 Cyclops 40607 | -2/Section 7 | Ambient heat levels rising (+10) 40757 | -2/Section 7 | Ambient heat levels rising (+10) 40907 | -2/Section 7 | Ambient heat levels rising (+10) 41019 | -2/Section 7 | Discovered new exit (range 10) 41047 | -2/Section 7 | Build established: Generator-Mutant 41055 | -2/Section 7 | Entered Access 41055 | -1/Access | Accompanied by 1 ally (Sigix Warrior) 41055 | -1/Access | Evolved 2 slots: Power x1, Utility x1 41173 | -1/Access | Destroyed Executioner 41179 | -1/Access | Spotted Executioner 41183 | -1/Access | Allies destroyed Executioner 41208 | -1/Access | Destroyed Executioner 41236 | -1/Access | Destroyed 26 combat bots 41258 | -1/Access | Destroyed Striker 41266 | -1/Access | Sigix Exoskeleton integrity reduced to 60% 41267 | -1/Access | Spotted Striker 41270 | -1/Access | Spotted Executioner 41272 | -1/Access | Destroyed Executioner 41275 | -1/Access | Destroyed Striker 41276 | -1/Access | Spotted Executioner 41292 | -1/Access | Allies destroyed Executioner 41293 | -1/Access | Destroyed B-99 Colossus 41318 | -1/Access | Destroyed 14 combat bots 41340 | -1/Access | Spotted Investigator 41343 | -1/Access | Destroyed Investigator 41398 | -1/Access | Destroyed 13 combat bots 41411 | -1/Access | Spotted Striker 41411 | -1/Access | Spotted Striker 41413 | -1/Access | Spotted Executioner 41413 | -1/Access | Spotted Executioner 41413 | -1/Access | Allies destroyed Striker 41415 | -1/Access | Spotted Executioner 41415 | -1/Access | Spotted Striker 41415 | -1/Access | Destroyed Executioner 41420 | -1/Access | Scanned by Researcher 41421 | -1/Access | Spotted Investigator 41425 | -1/Access | Destroyed Investigator 41427 | -1/Access | Destroyed Striker 41430 | -1/Access | Destroyed Striker 41442 | -1/Access | Destroyed Executioner 41442 | -1/Access | Spotted Striker 41450 | -1/Access | Destroyed Executioner 41459 | -1/Access | Lost 3 parts (2u1w) 41460 | -1/Access | Allies destroyed Striker 41486 | -1/Access | Destroyed 23 combat bots 41515 | -1/Access | Destroyed Striker 41626 | -1/Access | Sigix Exoskeleton integrity reduced to 40% 41628 | -1/Access | Spotted Investigator 41628 | -1/Access | Destroyed Investigator 41632 | -1/Access | Sterilization system engaged 41632 | -1/Access | Spotted Striker 41643 | -1/Access | Spotted Executioner 41643 | -1/Access | Destroyed Executioner 41672 | -1/Access | Destroyed 16 combat bots 41691 | -1/Access | Spotted Striker 41694 | -1/Access | Spotted Striker 41694 | -1/Access | Spotted Striker 41700 | -1/Access | Destroyed Striker 41702 | -1/Access | Destroyed Striker 41702 | -1/Access | Destroyed Striker 41880 | -1/Access | Destroyed 9 combat bots 41926 | -1/Access | Found Vortex Chain Reactor 41932 | -1/Access | Ambient heat levels rising (+10) 41975 | -1/Access | Energy Cycler disabled 42082 | -1/Access | Ambient heat levels rising (+10) 42089 | -1/Access | Discovered new exit (range 8) 42106 | -1/Access | Entered Command 42194 | -1/Command | Disengaged cave seal 42194 | -1/Command | Assembled emerged from the dark tunnel 42217 | -1/Command | Spotted B-99 Colossus 42225 | -1/Command | Destroyed B-99 Colossus 42332 | -1/Command | Spotted Combat Programmer 42334 | -1/Command | Spotted M Guard 42336 | -1/Command | Spotted M Guard 42339 | -1/Command | Spotted Combat Programmer 42366 | -1/Command | Destroyed Combat Programmer 42370 | -1/Command | Destroyed Combat Programmer 42380 | -1/Command | High security lockdown imminent 42389 | -1/Command | Used Subatomic Replicator to replicate Sigix Shearcannon 42413 | -1/Command | Destroyed M Guard 42451 | -1/Command | Destroyed M Guard 42451 | -1/Command | All MAIN.C guards destroyed 42456 | -1/Command | Lost 12 parts (3p2n4u3w) 42460 | -1/Command | High security lockdown engaged 42463 | -1/Command | Found Exp. Targeting Computer 42467 | -1/Command | Found Prototype Device 42467 | -1/Command | Identified Thermal Barrier 42475 | -1/Command | Found AEGIS Remote Shield 42501 | -1/Command | Found Prototype Reactor 42501 | -1/Command | Identified Zero-point Reactor 42507 | -1/Command | Found Zero-point Reactor 42521 | -1/Command | Found Zero-point Reactor 42528 | -1/Command | Found Prototype Protection 42532 | -1/Command | Found Prototype Energy Cannon 42537 | -1/Command | Found AEGIS Remote Shield 42572 | -1/Command | Spotted Striker 42574 | -1/Command | Destroyed Striker 42577 | -1/Command | Spotted Striker 42579 | -1/Command | Destroyed Striker 42581 | -1/Command | Spotted Striker 42587 | -1/Command | Identified Cld. Nova Cannon 42589 | -1/Command | Destroyed Striker 42617 | -1/Command | Destroyed 17 combat bots 42621 | -1/Command | Destroyed Investigator 42660 | -1/Command | Destroyed 15 combat bots 42679 | -1/Command | Met MAIN.C 42681 | -1/Command | 0b10 Conduit disabled 42686 | -1/Command | MAIN.C's shell transforms into a squad of autonomous robots 42686 | -1/Command | Destroyed MAIN.C Shell 42686 | -1/Command | Destroyed M Shell/Atk 42688 | -1/Command | Spotted M Shell/Def 42688 | -1/Command | Spotted M Shell/Atk 42688 | -1/Command | Spotted M Shell/Def 42688 | -1/Command | Spotted M Shell/Atk 42688 | -1/Command | Spotted M Shell/Def 42688 | -1/Command | Spotted M Shell/Atk 42688 | -1/Command | Spotted M Shell/Def 42689 | -1/Command | MAIN.C activated Command garrisons 42689 | -1/Command | Destroyed M Shell/Def 42692 | -1/Command | Identified Hvy. Regenerative Plating 42700 | -1/Command | Destroyed M Shell/Def 42701 | -1/Command | Core integrity fell below 50% 42703 | -1/Command | Destroyed M Shell/Def 42714 | -1/Command | Emitted hypermatrix ping 42719 | -1/Command | Assembled emerged from beneath the floor 42732 | -1/Command | Core integrity fell below 20% 42746 | -1/Command | Destroyed by MAIN.C with Omega Cannon Last Messages --------------- 42725_ Slug penetrates M Shell/Def. 42726_ as-16654 destroyed. 42726_ Acquired 22 matter. 42727_ Slug penetrates M Shell/Atk. 42728_ as-18361 destroyed. 42728_ M Shell/Def destroyed. 42729_ as-76645 destroyed. 42729_ Knocked back. 42732_ Adv. Weapon Cycler destroyed. 42732_ Knocked back. 42732_ Exp. Core Analyzer destroyed. 42732_ Knocked back. 42733_ Acquired Prototype Treads. 42733_ Identified Enh. Armored Heavy Treads. 42733_ Knocked back. 42734_ Acquired 10 matter. 42734_ Knocked back. 42735_ Exp. Targeting Computer destroyed. 42735_ Critical hit (Blast). 42735_ Knocked back. Map ----- +----------------------------------------------------+ | ?????????????????????????????????????????????????? | | ?????????????????????????????????????????????????? | | ?????????????????????????????????????????????????? | | ?????????????????????????????????????????????????? | | ??????????????????????????????################???? | | ?????????????????????????????"" """" #???? | | ????????????????????????????? "" #???? | | ???????????????????????#""""" "" %##### | | ???????????????????????#""""""""""" /%%!! | | ????????????????????????" " """ %%/%!! | | ????????????????????????"" """"" % */%%!| | | ???????????????????????#"" """ !!* % ##### | | ???????????????????????# " !=%! %#???? | | ???????????????????????# " *%=*! #???? | | ???????????????????????# " ""#???? | | ???????????????????????#" " !% %! """""#???? | | ???????????????????????#"" *%=! """"""#???? | | ???????????????????????# == """"""#???? | | ???????????????????????# % " #???? | | ???????????????????????# % " " #???? | | ???????????????????????" % " " " """" " #???? | | ???????????????????????" % """ " " """" #???? | | ???????????????????????" " " " " #???? | | ???????????????????????# M"""""""""" " ??????? | | ???????????????????????# " """ " """""""?????? | | ???????????????????????#%@ """ " " " ??????? | | ???????????????????????###################???????? | | ?????????????????????????????????????????????????? | | ?????????????????????????????????????????????????? | | ?????????????????????????????????????????????????? | | ?????????????????????????????????????????????????? | | ?????????????????????????????????????????????????? | | ?????????????????????????????????????????????????? | | ?????????????????????????????????????????????????? | | ?????????????????????????????????????????????????? | | ?????????????????????????????????????????????????? | | ?????????????????????????????????????????????????? | | ?????????????????????????????????????????????????? | | ?????????????????????????????????????????????????? | | ?????????????????????????????????????????????????? | | ?????????????????????????????????????????????????? | | ?????????????????????????????????????????????????? | | ?????????????????????????????????????????????????? | | ?????????????????????????????????????????????????? | | ?????????????????????????????????????????????????? | | ?????????????????????????????????????????????????? | | ?????????????????????????????????????????????????? | | ?????????????????????????????????????????????????? | | ?????????????????????????????????????????????????? | | ?????????????????????????????????????????????????? | +----------------------------------------------------+ Best States ------------- Heat Dissipation 182 Coolant Potential 120 Energy Generation 153 Energy Capacity 2650 Matter Stores 300 Matter Capacity 300 Sight Range 16 Robot Scan Range 18 Terrain Scan Density 10 Jamming Range 22 Armor Coverage 1800 Resistance: TH 50 Resistance: EM 75 Weapon Cycling 25 Evasion (%) 50 Targeting Accuracy 36 Target Analysis 10 Core Analysis 12 Recoil Reduction 4 Offensive Hacking 25 Defensive Hacking 20 Authchip Count 1 Trap Extractor Capacity 6 Item Schematics ----------------- Imp. KE Penetrator | -2/Quarantine | Archive Kinetic Spear | -2/Quarantine | Archive Imp. Matter Neutralizer | -2/Quarantine | Archive Hdn. Centrium Leg | -2/Quarantine | Archive Energy Mantle | -2/Quarantine | Archive Exp. Myomer Leg | -2/Quarantine | Archive Cld. Linear Gravjet | -2/Section 7 | Archive Enh. Nova Cannon | -2/Section 7 | Hacked Imp. Q-thruster | -2/Section 7 | Archive Adv. Micro-nuke Launcher | -2/Section 7 | Archive Robot Schematics ------------------ A-15 Conveyor | -2/Quarantine | Archive T-07 Excavator | -2/Quarantine | Archive R-06 Scavenger | -2/Quarantine | Archive B-74 Champion | -2/Quarantine | Archive Fabricated ------------ Biometal Heavy Treads | x2 | -4/Factory | Authchip Biometal Heavy Treads | x2 | -4/Factory Enh. Nova Cannon | x1 | -4/Factory Biometal Heavy Treads | x2 | -3/Research Adv. Heavy Siege Treads | x2 | -3/Research | Preloaded Alien Tech Used ----------------- Core Reset Matrix Core Stripper Integrated Dissipator Integrated Reactor Core Membrane Sigix Sheargun LRC Energy Well Sigix Shearcannon Subatomic Replicator Achievements -------------- None Challenges ------------ None Game ------ Seed ThermalHackingNanosword Manual? 0 Play Time 04:55:23 Cumulative 1493.9 hours Start 2022.05.23 @ 12:55:32 End 2022.05.25 @ 14:18:34 Sessions 5 Manual Loads 0 Difficulty Rogue Special Mode None Game No. 525 Rogue 525 Adventurer 0 Explorer 0 Win Type - Total 105 Types 22/12/43/6/1/2/17/1/1 Lore% 97 Gallery% 96 Achievement% 86 Wizard Run 0 Options --------- ASCII 0 Keyboard 0 Movement Numpad Keybinds 0 Fullscreen 1 Font 18/SmallcapsGlow Map View 76x50 Tactical HUD 1 Map Filters NONE Filters NONE Steam 1 RUN: cd48b119-fda1-45cb-8a49-a996c2d95314